Workbook
Name \a: '[1]#G.O.'!#REF!
Name \a: '[1]#G.O.'!#REF!
Name \a: '[1]#G.O.'!#REF!
Name \a: '[1]#G.O.'!#REF!
Name \b: '[1]#G.O.'!#REF!
Name \b: '[1]#G.O.'!#REF!
Name \b: '[1]#G.O.'!#REF!
Name \b: '[1]#G.O.'!#REF!
Name \c: '[1]#G.O.'!#REF!
Name \c: '[1]#G.O.'!#REF!
Name \c: '[1]#G.O.'!#REF!
Name \c: '[1]#G.O.'!#REF!
Name \d: '[1]#G.O.'!#REF!
Name \d: '[1]#G.O.'!#REF!
Name \d: '[1]#G.O.'!#REF!
Name \d: '[1]#G.O.'!#REF!
Name \e: '[1]#G.O.'!#REF!
Name \e: '[1]#G.O.'!#REF!
Name \e: '[1]#G.O.'!#REF!
Name \e: '[1]#G.O.'!#REF!
Name \f: '[1]#G.O.'!#REF!
Name \g: '[1]#G.O.'!#REF!
Name \h: '[1]#G.O.'!#REF!
Name \i: '[1]#G.O.'!#REF!
Name \j: '[1]#G.O.'!#REF!
Name \k: '[1]#G.O.'!#REF!
Name \l: '[1]#G.O.'!#REF!
Name \m: '[1]#G.O.'!#REF!
Name \n: '[1]#G.O.'!#REF!
Name \o: '[1]#G.O.'!#REF!
Name \p: '[1]#G.O.'!#REF!
Name \q: '[1]#G.O.'!#REF!
Name \r: '[1]#G.O.'!#REF!
Name \s: '[1]#G.O.'!#REF!
Name \t: '[1]#G.O.'!#REF!
Name \u: '[1]#G.O.'!#REF!
Name \v: '[1]#G.O.'!#REF!
Name \w: '[1]#G.O.'!#REF!
Name \x: '[1]#G.O.'!#REF!
Name \Y: '[2]NEWS PREV'!#REF!
Name \z: '[1]#G.O.'!#REF!
Name ______________________________________________________________________________R: #REF!
Name ______________________________________________________________________________R: #REF!
Name ______________________________________________________________________________R: #REF!
Name ______________________________________________________________________________R: #REF!
Name ______________________________________________________________________________R: #REF!
Name ______________________________________________________________________________rad2: #REF!
Name ______________________________________________________________________________rad2: #REF!
Name ______________________________________________________________________________rad2: #REF!
Name ______________________________________________________________________________rad2: #REF!
Name ______________________________________________________________________________rad2: #REF!
Name _____________________________________________________________________________R: #REF!
Name _____________________________________________________________________________R: #REF!
Name _____________________________________________________________________________R: #REF!
Name _____________________________________________________________________________R: #REF!
Name _____________________________________________________________________________R: #REF!
Name _____________________________________________________________________________rad2: #REF!
Name _____________________________________________________________________________rad2: #REF!
Name ____________________________________________________________________________R: #REF!
Name ____________________________________________________________________________R: #REF!

Sheet FLOW 
B2: INFORME DE GASTOS DE PUBLICIDAD CONAFIPS
B5: CAMPAÑA | C5: FEBRERO | G5: MARZO | L5: ABRIL | P5: MAYO | T5: DOS MES | Y5: JULIO | AC5: MES 1 | AH5: MES 2 | AL5: DICIEMBRE | AQ5: TOTAL TRP´S | AR5: TOTAL DERECHOS | AS5: TOTAL INVERSIÓN | AT5: SHARE
C6: 1 | D6: =C6+7 -> 8 | E6: =D6+7 -> 15 | F6: =E6+7 -> 22 | G6: 1 | H6: =G6+7 -> 8 | I6: =H6+7 -> 15 | J6: =I6+7 -> 22 | K6: =J6+7 -> 29 | L6: 5 | M6: =L6+7 -> 12 | N6: =M6+7 -> 19 | O6: =N6+7 -> 26 | P6: 3 | Q6: =P6+7 -> 10 | R6: =Q6+7 -> 17 | S6: =R6+7 -> 24 | T6: 1 | U6: =T6+7 -> 8 | V6: =U6+7 -> 15 | W6: =V6+7 -> 22 | X6: =W6+7 -> 29 | Y6: 5 | Z6: =Y6+7 -> 12 | AA6: =Z6+7 -> 19 | AB6: =AA6+7 -> 26 | AC6: 1 | AD6: =AC6+7 -> 8 | AE6: =AD6+7 -> 15 | AF6: =AE6+7 -> 22 | AG6: =AF6+7 -> 29 | AH6: 1 | AI6: =AH6+7 -> 8 | AJ6: =AI6+7 -> 15 | AK6: =AJ6+7 -> 22 | AL6: =AK6+7 -> 29 | AM6: 6 | AN6: =AM6+7 -> 13 | AO6: =AN6+7 -> 20 | AP6: =AO6+7 -> 27 | AU6: SOV | AV6: SOI
B9: MEDIOS
T11: 0 | AS11: =SUM(C11:AP11) -> 0 | AU11: =#REF!/#REF! -> #REF! | BB11: 0
B13: REVISTA | G13: =SUM(G14:G21) -> 0 | L13: =SUM(L14:L21) -> 0 | P13: =SUM(P14:P21) -> 0 | T13: =SUM(T14:T15) -> 0 | Y13: =SUM(Y14:Y23) -> 0 | AC13: =SUM(AC14:AC23) -> 3873 | AH13: =SUM(AH14:AH23) -> 0 | AL13: =SUM(AL14:AL23) -> 0 | AR13: =SUM(AR14:AR17) -> 4 | AS13: =SUM(AS14:AS21) -> 3873 | AT13: =AS13/$AS$49 -> 0.04236769 | AV13: 15000 | AW13: Dentro de prensa se debe seleccionar 3 medios para no sobrepasar el ppto
B14: LIDERES | AC14: =SUM(REVISTA!$AU$14) -> 1128 | AR14: =SUM(REVISTA!$AS$14) -> 1 | AS14: =SUM(C14:AP14) -> 1128
B15: AMERICA ECONOMIA | T15: 0 | AC15: =SUM(REVISTA!$AU$15) -> 800 | AR15: =SUM(REVISTA!$AS$15) -> 1 | AS15: =SUM(C15:AP15) -> 800
B16: EKOS | AC16: =SUM(REVISTA!$AU$16) -> 900 | AR16: =SUM(REVISTA!$AS$16) -> 1 | AS16: =SUM(C16:AP16) -> 900
B17: FORBES | AC17: =SUM(REVISTA!$AU$17) -> 1045 | AR17: =SUM(REVISTA!$AS$17) -> 1 | AS17: =SUM(C17:AP17) -> 1045
AS18: =SUM(C18:AP18) -> 0
AS19: =SUM(C19:AP19) -> 0
AS20: =SUM(C20:AP20) -> 0
AS21: =SUM(C21:AP21) -> 0
Y22: , | AC22: , | AH22: , | AL22: ,
B24: RADIO | G24: =SUM(G25:G35) -> 0 | L24: =SUM(L25:L35) -> 0 | P24: =SUM(P25:P35) -> 0 | T24: =SUM(T25:T35) -> 0 | Y24: =SUM(Y25:Y35) -> 0 | AC24: =SUM(AC25:AC35) -> 45541 | AH24: =SUM(AH25:AH35) -> 0 | AL24: =SUM(AL25:AL35) -> 0 | AR24: =+AR25+AR26+AR27 -> 5148 | AS24: =SUM(AS25:AS32) -> 45541 | AT24: =AS24/$AS$49 -> 0.49818409 | AV24: 19296.8 | AW24: =AV24-AS24 -> -26244.2
B25: 5 emisoras Nacionales | L25: 0 | AC25: =+'RAD NAC'!BF24 -> 11627 | AH25: . | AR25: =+'RAD NAC'!BD24 -> 770 | AS25: =SUM(C25:AP25) -> 11627 | AT25: =+AS25/$AS$24 -> 0.2553084
B26: 13 emisoras Local | T26: 0 | AC26: =+'RAD LOCAL '!BF46 -> 29789 | AH26: . | AR26: =+'RAD LOCAL '!BD46 -> 2706 | AS26: =SUM(C26:AP26) -> 29789 | AT26: =+AS26/$AS$24 -> 0.65411388
B27: 23 Emisoras Comunitarias | AC27: =+'RAD COMUNITARIA'!BF84 -> 4125 | AH27: . | AR27: =+'RAD COMUNITARIA'!BD84 -> 1672 | AS27: =SUM(C27:AP27) -> 4125 | AT27: =+AS27/$AS$24 -> 0.090577721
AS28: =SUM(C28:AP28) -> 0
AS29: =SUM(C29:AP29) -> 0
AS30: =SUM(C30:AP30) -> 0
AS31: =SUM(C31:AP31) -> 0
AS32: =SUM(C32:AP32) -> 0
AH33: , | AL33: , | AS33: =SUM(C33:AP33) -> 0
AH34: , | AL34: , | AS34: =SUM(C34:AP34) -> 0
AH35: , | AL35: , | AS35: =SUM(C35:AP35) -> 0
B39: DIGITAL | G39: =SUM(#REF!) -> #REF! | L39: =SUM(#REF!) -> #REF! | P39: =SUM(#REF!) -> #REF! | T39: =SUM(#REF!) -> #REF! | Y39: =SUM(#REF!) -> #REF! | AC39: =SUM(AC40:AC47) -> 21000 | AH39: =SUM(AH40:AH47) -> 21000 | AL39: =SUM(#REF!) -> #REF! | AR39: =SUM(AR40:AR47) -> 10213333 | AS39: =SUM(AS40:AS47) -> 42000 | AT39: =AS39/$AS$49 -> 0.45944822 | AV39: 42500 | AW39: =AV39-AS39 -> 500
B40: Twitter Ads (Seguidores) | AC40: =+DIG!C22 -> 2000 | AH40: =+DIG!H22 -> 2000 | AL40: . | AR40: =+DIG!L26 -> 5000 | AS40: =SUM(AC40:AK40) -> 4000 | AT40: =+AS40/$AS$39 -> 0.095238095
B41: =+DIG!B29 -> Twitter Ads (Interacción) | AC41: =+DIG!C32 -> 8000 | AH41: =+DIG!H32 -> 8000 | AR41: =+DIG!L36 -> 40000 | AS41: =SUM(AC41:AK41) -> 16000 | AT41: =+AS41/$AS$39 -> 0.38095238
B42: =+DIG!B39 -> Facebook (Interacción Fans) | AC42: =+DIG!C41 -> 1000 | AH42: =+DIG!H41 -> 1000 | AR42: =+DIG!L44+DIG!L45 -> 15000 | AS42: =SUM(AC42:AK42) -> 2000 | AT42: =+AS42/$AS$39 -> 0.047619048
B43: =+DIG!B48 -> Facebook (Alcance) | AC43: =+DIG!C50 -> 600 | AH43: =+DIG!H50 -> 600 | AR43: =+DIG!L53 -> 1500000 | AS43: =SUM(AC43:AK43) -> 1200 | AT43: =+AS43/$AS$39 -> 0.028571429
B44: =+DIG!B56 -> Facebook (Tráfico) | AC44: =+DIG!C58 -> 2000 | AH44: =+DIG!H58 -> 2000 | AR44: =+DIG!L61 -> 33333.333 | AS44: =SUM(AC44:AK44) -> 4000 | AT44: =+AS44/$AS$39 -> 0.095238095
B45: =+DIG!B64 -> Instagram (Alcance) | AC45: =+DIG!C66 -> 600 | AH45: =+DIG!H66 -> 600 | AR45: =+DIG!L69 -> 1500000 | AS45: =SUM(AC45:AK45) -> 1200 | AT45: =+AS45/$AS$39 -> 0.028571429
B46: =+DIG!B72 -> Instagram (Tráfico) | AC46: =+DIG!C74 -> 4000 | AH46: =+DIG!H74 -> 4000 | AR46: =+DIG!L77 -> 80000 | AS46: =SUM(AC46:AK46) -> 8000 | AT46: =+AS46/$AS$39 -> 0.19047619
B47: =+DIG!B80 -> Linkedin (Interacciones) | AC47: =+DIG!C82 -> 2800 | AH47: =+DIG!H82 -> 2800 | AR47: =+DIG!L85+DIG!L88 -> 7040000 | AS47: =SUM(AC47:AK47) -> 5600 | AT47: =+AS47/$AS$39 -> 0.13333333
B49: VALOR TOTAL | C49: =SUM(C10:F47) -> 0 | G49: =SUM(#REF!,G24,G39,G13,#REF!) -> #REF! | L49: =SUM(#REF!,L24,L39,L13,#REF!,#REF!) -> #REF! | P49: =SUM(#REF!,P24,P39,P13,#REF!,#REF!) -> #REF! | T49: =SUM(#REF!,T24,T39,T13,#REF!,#REF!,#REF!,#REF!) -> #REF! | Y49: =SUM(#REF!,Y24,Y39,Y13) -> #REF! | AC49: =+AC13+AC24+AC39 -> 70414 | AH49: =SUM(AH39+AH24) -> 21000 | AL49: =SUM(#REF!,AL24,AL39,AL13) -> #REF! | AQ49: =SUM(AQ10:AQ47) -> 0 | AR49: =+AR24+AR13+AR39 -> 10218485 | AS49: =+AS13+AS24+AS39 -> 91414 | AT49: =SUM(AT24,AT39,AT13) -> 1
B50: *Valores no incluyen IVA ni FEE de medios digitales | AS50: =+AS54-AS49 -> -91414

Sheet RAD NAC
E2: RADIO PAUTA
E4: CLIENTE: | F4: CONAFIPS
E5: CAMPAÑA: | F5: INSTITUCIONAL
E6: PERIODO: | F6: 1 MES
E7: TARGET: | F7: PERSONAS 18 + BC
K10: MAYO | Z10: 15 DIAS | AO10: 15 DIAS
B11: # | C11: CATEGORIA | D11: COBERTURA | E11: EMISORA | F11: PROGRAMA | G11: DERECHOS | H11: HORARIO | I11: TARIFA REAL | J11: TARIFA NEGOCIADA | K11: L | L11: M | M11: X | N11: J | O11: V | P11: S | Q11: D | R11: L | S11: M | T11: X | U11: J | V11: V | W11: S | X11: D | Y11: L | Z11: M | AA11: X | AB11: J | AC11: V | AD11: S | AE11: D | AF11: L | AG11: M | AH11: X | AI11: J | AJ11: V | AK11: S | AL11: D | AM11: L | AN11: M | AO11: X | AP11: J | AQ11: V | AR11: S | AS11: D | AT11: L | AU11: M | AV11: X | AW11: J | AX11: V | AY11: S | AZ11: D | BA11: L | BB11: M | BC11: X | BD11: TOTAL | BE11: VALOR TOTAL REAL | BF11: VALOR TOTAL NEGOCIADO
K12: 17 | L12: =K12+1 -> 18 | M12: =L12+1 -> 19 | N12: =M12+1 -> 20 | O12: =N12+1 -> 21 | P12: =O12+1 -> 22 | Q12: =P12+1 -> 23 | R12: =Q12+1 -> 24 | S12: =R12+1 -> 25 | ... Y12: =X12+1 -> 31 | Z12: 1 | AA12: =Z12+1 -> 2 | AB12: =+AA12+1 -> 3 | AC12: =AB12+1 -> 4 | AD12: =AC12+1 -> 5 | AE12: =AD12+1 -> 6 | AF12: =AE12+1 -> 7 | AG12: =AF12+1 -> 8 | AH12: =AG12+1 -> 9 | AI12: =AH12+1 -> 10 | AJ12: =AI12+1 -> 11 | ... AN12: =AM12+1 -> 15 | AO12: =+AN12+1 -> 16 | AP12: =AO12+1 -> 17 | AQ12: =AP12+1 -> 18 | AR12: =AQ12+1 -> 19 | AS12: =AR12+1 -> 20 | AT12: =AS12+1 -> 21 | AU12: =AT12+1 -> 22 | AV12: =AU12+1 -> 23 | AW12: =AV12+1 -> 24 | ... BC12: =BB12+1 -> 30 | BD12: CUÑAS | BH12: MAYO | BJ12: JUNIO | BL12: JULIO
B13: 1 | C13: NACIONAL | D13: Azuay, Bolívar, Cañar, Carchi, Chimborazo, Cotopaxi, El Oro, Esmeraldas, Galápagos, Guayas, Imbabura, Loja, Los Ríos, Manabí, Morona Santiago, Napo, Orellana, Pastaza, Pichincha, Santa Elena, Sto. Domingo, Sucumbíos, Tungurahua, Zamora Chinchipe. | E13: PUBLICA FM | F13: CUÑAS HORARIO DETERMINADO | G13: CUÑA 30" | H13: 06H00- 08H00 | I13: =19*(1+20%) -> 22.8 | J13: 12 | Z13: 3 | AA13: 3 | AB13: 3 | AC13: 3 | AF13: 3 | AG13: 3 | AH13: 3 | AI13: 3 | AJ13: 3 | AM13: 3 | AN13: 3 | AO13: 3 | AP13: 3 | AQ13: 3 | AT13: 3 | AU13: 3 | AV13: 3 | AW13: 3 | AX13: 3 | BA13: 3 | BB13: 3 | BC13: 3 | BD13: =SUM(K13:BC13) -> 66 | BE13: =+BD13*I13 -> 1504.8 | BF13: =+BD13*J13 -> 792 | BG13: =+BF13/BE13-1 -> -0.47368421 | BH13: =SUM(K13:Y13) -> 0 | BI13: =BH13*J13 -> 0 | BJ13: =SUM(Z13:BC13) -> 66 | BK13: =BJ13*J13 -> 792 | BL13: =SUM(#REF!) -> #REF! | BM13: =BL13*J13 -> #REF!
F14: CUÑAS HORARIO DETERMINADO | G14: CUÑA 30" | H14: 12H00- 14H00 | I14: =19*(1+20%) -> 22.8 | J14: 12 | Z14: 2 | AA14: 2 | AB14: 2 | AC14: 2 | AF14: 2 | AG14: 2 | AH14: 2 | AI14: 2 | AJ14: 2 | AM14: 2 | AN14: 2 | AO14: 2 | AP14: 2 | AQ14: 2 | AT14: 2 | AU14: 2 | AV14: 2 | AW14: 2 | AX14: 2 | BA14: 2 | BB14: 2 | BC14: 2 | BD14: =SUM(K14:BC14) -> 44 | BE14: =+BD14*I14 -> 1003.2 | BF14: =+BD14*J14 -> 528 | BG14: =+BF14/BE14-1 -> -0.47368421 | BH14: =SUM(K14:Y14) -> 0 | BI14: =BH14*J14 -> 0 | BJ14: =SUM(Z14:BC14) -> 44 | BK14: =BJ14*J14 -> 528 | BL14: =SUM(#REF!) -> #REF! | BM14: =BL14*J14 -> #REF!
F15: CUÑAS HORARIO DETERMINADO | G15: CUÑA 30" | H15: 17H00- 18H00 | I15: =19*(1+20%) -> 22.8 | J15: 12 | Z15: 2 | AA15: 2 | AB15: 2 | AC15: 2 | AF15: 2 | AG15: 2 | AH15: 2 | AI15: 2 | AJ15: 2 | AM15: 2 | AN15: 2 | AO15: 2 | AP15: 2 | AQ15: 2 | AT15: 2 | AU15: 2 | AV15: 2 | AW15: 2 | AX15: 2 | BA15: 2 | BB15: 2 | BC15: 2 | BD15: =SUM(K15:BC15) -> 44 | BE15: =+BD15*I15 -> 1003.2 | BF15: =+BD15*J15 -> 528 | BG15: =+BF15/BE15-1 -> -0.47368421 | BH15: =SUM(K15:Y15) -> 0 | BI15: =BH15*J15 -> 0 | BJ15: =SUM(Z15:BC15) -> 44 | BK15: =BJ15*J15 -> 528 | BL15: =SUM(#REF!) -> #REF! | BM15: =BL15*J15 -> #REF!
B16: 2 | D16: Pichincha: Cayambe, Mejía, Pedro Moncayo, Pedro Vicente Maldonado, Puerto Quito, Quito, Rumiñahui, San Miguel de los Bancos. Sto. Domingo, Esmeraldas, Cotopaxi: La Maná, Latacunga, Pangua, Pujilí, Salcedo, Saquisilí, Sigchos. Tungurahua: Ambato, Baños, Cevallos, Mocha, Patate, Pelileo, Píllaro, Quero, Tisaleo. Manabí: Bolívar, Chone, El Carmen, Flavio Alfaro, Jama, Jaramijó, Jipijapa, Junín Manta, Montecristi, Olmedo, Pajá, Pedernales, Pichincha, Portoviejo, Pto. López, Rocafuerte, San Vicente, Sta. Ana, Sucre, Tosagua, 24 de Mayo. | F16: EL MUNDO A LAS 6 | G16: CUÑA 30" | H16: 06H00 - 08H00 | I16: 30 | J16: 16 | Z16: 3 | AA16: 3 | AB16: 3 | AC16: 3 | AF16: 3 | AG16: 3 | AH16: 3 | AI16: 3 | AJ16: 3 | AM16: 3 | AN16: 3 | AO16: 3 | AP16: 3 | AQ16: 3 | AT16: 3 | AU16: 3 | AV16: 3 | AW16: 3 | AX16: 3 | BA16: 3 | BB16: 3 | BC16: 3 | BD16: =SUM(K16:BC16) -> 66 | BE16: =+BD16*I16 -> 1980 | BF16: =+BD16*J16 -> 1056 | BG16: =+BF16/BE16-1 -> -0.46666667
E17: MAJESTA FM | F17: LOS REYES DE FIESTA | G17: CUÑA 30" | H17: 10H00 - 13H00 | I17: =19*(1+20%) -> 22.8 | J17: 16 | Z17: 2 | AA17: 2 | AB17: 2 | AC17: 2 | AF17: 2 | AG17: 2 | AH17: 2 | AI17: 2 | AJ17: 2 | AM17: 2 | AN17: 2 | AO17: 2 | AP17: 2 | AQ17: 2 | AT17: 2 | AU17: 2 | AV17: 2 | AW17: 2 | AX17: 2 | BA17: 2 | BB17: 2 | BC17: 2 | BD17: =SUM(K17:BC17) -> 44 | BE17: =+BD17*I17 -> 1003.2 | BF17: =+BD17*J17 -> 704 | BG17: =+BF17/BE17-1 -> -0.29824561
F18: PUNTO DE ENCUENTRO | G18: CUÑA 30" | H18: 17H00 -18H00 | I18: =19*(1+20%) -> 22.8 | J18: 16 | Z18: 2 | AA18: 2 | AB18: 2 | AC18: 2 | AF18: 2 | AG18: 2 | AH18: 2 | AI18: 2 | AJ18: 2 | AM18: 2 | AN18: 2 | AO18: 2 | AP18: 2 | AQ18: 2 | AT18: 2 | AU18: 2 | AV18: 2 | AW18: 2 | AX18: 2 | BA18: 2 | BB18: 2 | BC18: 2 | BD18: =SUM(K18:BC18) -> 44 | BE18: =+BD18*I18 -> 1003.2 | BF18: =+BD18*J18 -> 704 | BG18: =+BF18/BE18-1 -> -0.29824561
B19: 3 | D19: Guayas, Cuenca, Azogues, Esmeraldas, Ibarra, Loja, Manabí, Puyo, Salinas, Quito, Ambato, Galápagos, Los Rios, El Oro, Latacunga, Tulcán, Sta. Elena | E19: CARAVANA AM | F19: ROTATIVO | G19: CUÑA 30" | H19: 06H00 - 08H30 | I19: 30 | J19: 16 | Z19: 3 | AA19: 3 | AB19: 3 | AC19: 3 | AF19: 3 | AG19: 3 | AH19: 3 | AI19: 3 | AJ19: 3 | AM19: 3 | AN19: 3 | AO19: 3 | AP19: 3 | AQ19: 3 | AT19: 3 | AU19: 3 | AV19: 3 | AW19: 3 | AX19: 3 | BA19: 3 | BB19: 3 | BC19: 3 | BD19: =SUM(K19:BC19) -> 66 | BE19: =+BD19*I19 -> 1980 | BF19: =+BD19*J19 -> 1056 | BG19: =+BF19/BE19-1 -> -0.46666667
F20: ROTATIVO | G20: CUÑA 30" | H20: 10H00- 13H00 | I20: =19*(1+20%) -> 22.8 | J20: 16 | Z20: 2 | AA20: 2 | AB20: 2 | AC20: 2 | AF20: 2 | AG20: 2 | AH20: 2 | AI20: 2 | AJ20: 2 | AM20: 2 | AN20: 2 | AO20: 2 | AP20: 2 | AQ20: 2 | AT20: 2 | AU20: 2 | AV20: 2 | AW20: 2 | AX20: 2 | BA20: 2 | BB20: 2 | BC20: 2 | BD20: =SUM(K20:BC20) -> 44 | BE20: =+BD20*I20 -> 1003.2 | BF20: =+BD20*J20 -> 704
F21: ROTATIVO | G21: CUÑA 30" | H21: 17H00.18H00 | I21: =19*(1+20%) -> 22.8 | J21: 16 | Z21: 2 | AA21: 2 | AB21: 2 | AC21: 2 | AF21: 2 | AG21: 2 | AH21: 2 | AI21: 2 | AJ21: 2 | AM21: 2 | AN21: 2 | AO21: 2 | AP21: 2 | AQ21: 2 | AT21: 2 | AU21: 2 | AV21: 2 | AW21: 2 | AX21: 2 | BA21: 2 | BB21: 2 | BC21: 2 | BD21: =SUM(K21:BC21) -> 44 | BE21: =+BD21*I21 -> 1003.2 | BF21: =+BD21*J21 -> 704
B22: 4 | D22: Guayas Guayaquil – Durán – San Jacinto de Yaguachi- Nobol – Daule – Lomas de Sargentillo – Salitre (Urbina Jado)- Sanborondón. Pichincha: Cayambe- Mejía - Pedro Moncayo - Quito- Rumiñahui. Carchi: Tulcán – Montúfar – San Pedro de Huaca. Cañar-Azuay: Tulcán – Montúfar – San Pedro de Huaca. Tungurahua-Cotopaxi: Ambato – Pujilí – Latacunga –Saquisilí – Salcedo -Santiago de Píllaro - Patate –San Pedro de Pelileo – Cevallos – Quero – Tisaleo - Mocha | E22: PLATINIUM | F22: ROTATIVO | G22: CUÑA 30" | H22: 06H00 - 20H00 | I22: 22.8 | J22: 17.5 | Z22: 7 | AA22: 7 | AB22: 7 | AC22: 7 | AF22: 7 | AG22: 7 | AH22: 7 | AI22: 7 | AJ22: 7 | AM22: 7 | AN22: 7 | AO22: 7 | AP22: 7 | AQ22: 7 | AT22: 7 | AU22: 7 | AV22: 7 | AW22: 7 | AX22: 7 | BA22: 7 | BB22: 7 | BC22: 7 | BD22: =SUM(K22:BC22) -> 154 | BE22: =+BD22*I22 -> 3511.2 | BF22: =+BD22*J22 -> 2695 | BG22: =+BF22/BE22-1 -> -0.23245614
B23: 5 | D23: Pichincha: Quito, Cayambe, Mejía, Pedro Moncayo, Pedro Vicente Maldonado, Pto. Quito, Rumiñahui, San Miguel de los Bancos. Sto. Domingo: Sto. Domingo, La Concordia. Esmeraldas: Esmeraldas, Atacames, Eloy Alfaro, Muisne, Quinindé, Rioverde, San Lorenzo. Cotopaxi: Latacunga La Maná, Pangua, Pujilí, Salcedo, Saquisilí, Sigchos. Tungurahua: Ambato, Baños, Cevallos, Mocha, Patate, Quero, Pelileo, Pillaro, Tisaleo. | E23: HCJB | F23: ROTATIVO | G23: CUÑA 30" | H23: 06H00 - 20H00 | I23: 22 | J23: 14 | Z23: 7 | AA23: 7 | AB23: 7 | AC23: 7 | AF23: 7 | AG23: 7 | AH23: 7 | AI23: 7 | AJ23: 7 | AM23: 7 | AN23: 7 | AO23: 7 | AP23: 7 | AQ23: 7 | AT23: 7 | AU23: 7 | AV23: 7 | AW23: 7 | AX23: 7 | BA23: 7 | BB23: 7 | BC23: 7 | BD23: =SUM(K23:BC23) -> 154 | BE23: =+BD23*I23 -> 3388 | BF23: =+BD23*J23 -> 2156 | BG23: =+BF23/BE23-1 -> -0.36363636
B24: TOTAL | K24: =SUM(K13:K22) -> 0 | L24: =SUM(L13:L22) -> 0 | M24: =SUM(M13:M22) -> 0 | N24: =SUM(N13:N22) -> 0 | O24: =SUM(O13:O22) -> 0 | P24: =SUM(P13:P22) -> 0 | Q24: =SUM(Q13:Q22) -> 0 | R24: =SUM(R13:R22) -> 0 | ... Y24: =SUM(Y13:Y22) -> 0 | Z24: =SUM(Z13:Z23) -> 35 | AA24: =SUM(AA13:AA23) -> 35 | AB24: =SUM(AB13:AB23) -> 35 | AC24: =SUM(AC13:AC23) -> 35 | AD24: =SUM(AD13:AD23) -> 0 | AE24: =SUM(AE13:AE23) -> 0 | AF24: =SUM(AF13:AF23) -> 35 | AG24: =SUM(AG13:AG23) -> 35 | ... BD24: =SUM(BD13:BD23) -> 770 | BE24: =SUM(BE14:BE23) -> 16878.4 | BF24: =SUM(BF13:BF23) -> 11627 | BH24: =SUM(BH13:BH22) -> 0 | BI24: =SUM(BI13:BI22) -> 0 | BJ24: =SUM(BJ13:BJ22) -> 154 | BK24: =SUM(BK13:BK22) -> 1848 | BL24: =SUM(BL13:BL22) -> #REF! | BM24: =SUM(BM13:BM22) -> #REF!
D25: *VALORES NO INCLUYEN IVA | BE25: DESCUENTO | BF25: =(BF24/BE24)-1 -> -0.31113139 | BH25: =SUM(BH24,BJ24,BL24) -> #REF!
BH26: =SUM(BI24,BK24,BM24) -> #REF! | BI26: =+BH26-BF24 -> #REF!

Sheet RAD LOCAL 
E2: RADIO PAUTA
E4: CLIENTE: | F4: CONAFIPS
E5: CAMPAÑA: | F5: INSTITUCIONAL
E6: PERIODO: | F6: 1 MES
E7: TARGET: | F7: PERSONAS 18 + BC
K10: MAYO | Z10: 15 DIAS | AO10: 15 DIAS
B11: # | C11: CATEGORIA | D11: COBERTURA | E11: EMISORA | F11: PROGRAMA | G11: DERECHOS | H11: HORARIO | I11: TARIFA REAL | J11: TARIFA NEGOCIADA | K11: L | L11: M | M11: X | N11: J | O11: V | P11: S | Q11: D | R11: L | S11: M | T11: X | U11: J | V11: V | W11: S | X11: D | Y11: L | Z11: M | AA11: X | AB11: J | AC11: V | AD11: S | AE11: D | AF11: L | AG11: M | AH11: X | AI11: J | AJ11: V | AK11: S | AL11: D | AM11: L | AN11: M | AO11: X | AP11: J | AQ11: V | AR11: S | AS11: D | AT11: L | AU11: M | AV11: X | AW11: J | AX11: V | AY11: S | AZ11: D | BA11: L | BB11: M | BC11: X | BD11: TOTAL | BE11: VALOR TOTAL REAL | BF11: VALOR TOTAL NEGOCIADO
K12: 17 | L12: =K12+1 -> 18 | M12: =L12+1 -> 19 | N12: =M12+1 -> 20 | O12: =N12+1 -> 21 | P12: =O12+1 -> 22 | Q12: =P12+1 -> 23 | R12: =Q12+1 -> 24 | S12: =R12+1 -> 25 | ... Y12: =X12+1 -> 31 | Z12: 1 | AA12: =Z12+1 -> 2 | AB12: =+AA12+1 -> 3 | AC12: =AB12+1 -> 4 | AD12: =AC12+1 -> 5 | AE12: =AD12+1 -> 6 | AF12: =AE12+1 -> 7 | AG12: =AF12+1 -> 8 | AH12: =AG12+1 -> 9 | AI12: =AH12+1 -> 10 | AJ12: =AI12+1 -> 11 | ... AN12: =AM12+1 -> 15 | AO12: =+AN12+1 -> 16 | AP12: =AO12+1 -> 17 | AQ12: =AP12+1 -> 18 | AR12: =AQ12+1 -> 19 | AS12: =AR12+1 -> 20 | AT12: =AS12+1 -> 21 | AU12: =AT12+1 -> 22 | AV12: =AU12+1 -> 23 | AW12: =AV12+1 -> 24 | ... BC12: =BB12+1 -> 30 | BD12: CUÑAS | BH12: MAYO | BJ12: JUNIO | BL12: JULIO
B13: 1 | C13: LOCALES | D13: PICHINCHA | E13: EXA FM | F13: NOTICIERO | G13: MENCION 20" | H13: 06H00 - 09H00 | I13: 35 | J13: 20 | Z13: 3 | AA13: 3 | AB13: 3 | AC13: 3 | AF13: 3 | AG13: 3 | AH13: 3 | AI13: 3 | AJ13: 3 | AM13: 3 | AN13: 3 | AO13: 3 | AP13: 3 | AQ13: 3 | AT13: 3 | AU13: 3 | AV13: 3 | AW13: 3 | AX13: 3 | BA13: 3 | BB13: 3 | BC13: 3 | BD13: =SUM(K13:BC13) -> 66 | BE13: =I13*BD13 -> 2310 | BF13: =J13*BD13 -> 1320 | BG13: ENTREVISTA | BH13: =SUM(K13:Y13) -> 0 | BI13: =BH13*#REF! -> #REF! | BJ13: =SUM(Z13:BC13) -> 66 | BK13: =BJ13*#REF! -> #REF! | BL13: =SUM(#REF!) -> #REF! | BM13: =BL13*#REF! -> #REF!
F14: ROTATIVO MUSICAL | G14: CUÑA 30" | H14: 06H00 - 20H00 | I14: 24 | J14: 16 | Z14: 4 | AA14: 4 | AB14: 4 | AC14: 4 | AF14: 4 | AG14: 4 | AH14: 4 | AI14: 4 | AJ14: 4 | AM14: 4 | AN14: 4 | AO14: 4 | AP14: 4 | AQ14: 4 | AT14: 4 | AU14: 4 | AV14: 4 | AW14: 4 | AX14: 4 | BA14: 4 | BB14: 4 | BC14: 4 | BD14: =SUM(K14:BC14) -> 88 | BE14: =I14*BD14 -> 2112 | BF14: =J14*BD14 -> 1408
B15: 2 | E15: SUCESOS FM | F15: NOTICIERO | G15: MENCION 20" | H15: 06H00 - 09H00 | I15: 15 | J15: 10 | Z15: 3 | AA15: 3 | AB15: 3 | AC15: 3 | AF15: 3 | AG15: 3 | AH15: 3 | AI15: 3 | AJ15: 3 | AM15: 3 | AN15: 3 | AO15: 3 | AP15: 3 | AQ15: 3 | AT15: 3 | AU15: 3 | AV15: 3 | AW15: 3 | AX15: 3 | BA15: 3 | BB15: 3 | BC15: 3 | BD15: =SUM(K15:BC15) -> 66 | BE15: =I15*BD15 -> 990 | BF15: =J15*BD15 -> 660
F16: ROTATIVO MUSICAL | G16: CUÑA 30" | H16: 06H00 - 20H00 | I16: 25 | J16: 12 | Z16: 4 | AA16: 4 | AB16: 4 | AC16: 4 | AF16: 4 | AG16: 4 | AH16: 4 | AI16: 4 | AJ16: 4 | AM16: 4 | AN16: 4 | AO16: 4 | AP16: 4 | AQ16: 4 | AT16: 4 | AU16: 4 | AV16: 4 | AW16: 4 | AX16: 4 | BA16: 4 | BB16: 4 | BC16: 4 | BD16: =SUM(K16:BC16) -> 88 | BE16: =I16*BD16 -> 2200 | BF16: =J16*BD16 -> 1056
E17: AMERICA FM | F17: NOTICIERO | G17: MENCION 20" | H17: 06H00 - 09H00 | I17: 25 | J17: 25 | Z17: 3 | AA17: 3 | AB17: 3 | AC17: 3 | AF17: 3 | AG17: 3 | AH17: 3 | AI17: 3 | AJ17: 3 | AM17: 3 | AN17: 3 | AO17: 3 | AP17: 3 | AQ17: 3 | AT17: 3 | AU17: 3 | AV17: 3 | AW17: 3 | AX17: 3 | BA17: 3 | BB17: 3 | BC17: 3 | BD17: =SUM(K17:BC17) -> 66 | BE17: =I17*BD17 -> 1650 | BF17: =J17*BD17 -> 1650
F18: ROTATIVO MUSICAL | G18: CUÑA 30" | H18: 06H00 - 20H00 | I18: 25 | J18: 20 | Z18: 3 | AA18: 3 | AB18: 3 | AC18: 3 | AF18: 3 | AG18: 3 | AH18: 3 | AI18: 3 | AJ18: 3 | AM18: 3 | AN18: 3 | AO18: 3 | AP18: 3 | AQ18: 3 | AT18: 3 | AU18: 3 | AV18: 3 | AW18: 3 | AX18: 3 | BA18: 3 | BB18: 3 | BC18: 3 | BD18: =SUM(K18:BC18) -> 66 | BE18: =I18*BD18 -> 1650 | BF18: =J18*BD18 -> 1320
E19: FM MUNDO | F19: HOLA MUNDO | G19: PRESENTACION | H19: 07H00 a 09H00 | I19: 2200 | J19: 1200 | Z19: 1 | AA19: 1 | AB19: 1 | AC19: 1 | AF19: 1 | AG19: 1 | AH19: 1 | AI19: 1 | AJ19: 1 | AM19: 1 | AN19: 1 | AO19: 1 | AP19: 1 | AQ19: 1 | AT19: 1 | AU19: 1 | AV19: 1 | AW19: 1 | AX19: 1 | BA19: 1 | BB19: 1 | BC19: 1 | BD19: =SUM(K19:BC19) -> 22 | BE19: =SUM(I19) -> 2200 | BF19: =SUM(J19) -> 1200
G20: CUÑA 30" | Z20: 1 | AA20: 1 | AB20: 1 | AC20: 1 | AF20: 1 | AG20: 1 | AH20: 1 | AI20: 1 | AJ20: 1 | AM20: 1 | AN20: 1 | AO20: 1 | AP20: 1 | AQ20: 1 | AT20: 1 | AU20: 1 | AV20: 1 | AW20: 1 | AX20: 1 | BA20: 1 | BB20: 1 | BC20: 1 | BD20: =SUM(K20:BC20) -> 22
G21: MENCION 20" | Z21: 2 | AA21: 2 | AB21: 2 | AC21: 2 | AF21: 2 | AG21: 2 | AH21: 2 | AI21: 2 | AJ21: 2 | AM21: 2 | AN21: 2 | AO21: 2 | AP21: 2 | AQ21: 2 | AT21: 2 | AU21: 2 | AV21: 2 | AW21: 2 | AX21: 2 | BA21: 2 | BB21: 2 | BC21: 2 | BD21: =SUM(K21:BC21) -> 44
G22: DESPEDIA | Z22: 1 | AA22: 1 | AB22: 1 | AC22: 1 | AF22: 1 | AG22: 1 | AH22: 1 | AI22: 1 | AJ22: 1 | AM22: 1 | AN22: 1 | AO22: 1 | AP22: 1 | AQ22: 1 | AT22: 1 | AU22: 1 | AV22: 1 | AW22: 1 | AX22: 1 | BA22: 1 | BB22: 1 | BC22: 1 | BD22: =SUM(K22:BC22) -> 22
B23: 3 | E23: RADIO QUITO AM | F23: NOTICIERO | G23: CUÑA 30" | H23: 06H00 - 20H00 | I23: 18 | J23: 12 | Z23: 4 | AA23: 4 | AB23: 4 | AC23: 4 | AF23: 4 | AG23: 4 | AH23: 4 | AI23: 4 | AJ23: 4 | AM23: 4 | AN23: 4 | AO23: 4 | AP23: 4 | AQ23: 4 | AT23: 4 | AU23: 4 | AV23: 4 | AW23: 4 | AX23: 4 | BA23: 4 | BB23: 4 | BC23: 4 | BD23: =SUM(K23:BC23) -> 88 | BE23: =I23*BD23 -> 1584 | BF23: =J23*BD23 -> 1056 | BG23: ENTREVISTA
F24: ROTATIVO MUSICAL | G24: MENCION 20" | H24: 06H00 - 20H00 | I24: 18 | J24: 12 | Z24: 3 | AA24: 3 | AB24: 3 | AC24: 3 | AF24: 3 | AG24: 3 | AH24: 3 | AI24: 3 | AJ24: 3 | AM24: 3 | AN24: 3 | AO24: 3 | AP24: 3 | AQ24: 3 | AT24: 3 | AU24: 3 | AV24: 3 | AW24: 3 | AX24: 3 | BA24: 3 | BB24: 3 | BC24: 3 | BD24: =SUM(K24:BC24) -> 66 | BE24: =I24*BD24 -> 1188 | BF24: =J24*BD24 -> 792
B25: 4 | D25: GUAYAS | E25: I99 | F25: NOTICIERO | G25: MENCION 20" | H25: 06H00 - 20H00 | I25: 45 | J25: 22 | Z25: 4 | AA25: 4 | AB25: 4 | AC25: 4 | AF25: 4 | AG25: 4 | AH25: 4 | AI25: 4 | AJ25: 4 | AM25: 4 | AN25: 4 | AO25: 4 | AP25: 4 | AQ25: 4 | AT25: 4 | AU25: 4 | AV25: 4 | AW25: 4 | AX25: 4 | BA25: 4 | BB25: 4 | BC25: 4 | BD25: =SUM(K25:BC25) -> 88 | BE25: =I25*BD25 -> 3960 | BF25: =J25*BD25 -> 1936 | BG25: ENTREVISTA | BH25: =SUM(K25:Y25) -> 0 | BI25: =BH25*J25 -> 0 | BJ25: =SUM(Z25:BC25) -> 88 | BK25: =BJ25*J25 -> 1936 | BL25: =SUM(#REF!) -> #REF! | BM25: =BL25*J25 -> #REF!
F26: ROTATIVO MUSICAL | G26: CUÑA 30" | H26: 06H00 - 20H00 | I26: 25 | J26: 14 | Z26: 3 | AA26: 3 | AB26: 3 | AC26: 3 | AF26: 3 | AG26: 3 | AH26: 3 | AI26: 3 | AJ26: 3 | AM26: 3 | AN26: 3 | AO26: 3 | AP26: 3 | AQ26: 3 | AT26: 3 | AU26: 3 | AV26: 3 | AW26: 3 | AX26: 3 | BA26: 3 | BB26: 3 | BC26: 3 | BD26: =SUM(K26:BC26) -> 66 | BE26: =I26*BD26 -> 1650 | BF26: =J26*BD26 -> 924
B27: 5 | E27: CRE | F27: NOTICIERO | G27: MENCION 20" | H27: 06H00 - 20H00 | I27: 25 | J27: 14 | Z27: 4 | AA27: 4 | AB27: 4 | AC27: 4 | AF27: 4 | AG27: 4 | AH27: 4 | AI27: 4 | AJ27: 4 | AM27: 4 | AN27: 4 | AO27: 4 | AP27: 4 | AQ27: 4 | AT27: 4 | AU27: 4 | AV27: 4 | AW27: 4 | AX27: 4 | BA27: 4 | BB27: 4 | BC27: 4 | BD27: =SUM(K27:BC27) -> 88 | BE27: =I27*BD27 -> 2200 | BF27: =J27*BD27 -> 1232
F28: ROTATIVO MUSICAL | G28: CUÑA 30" | H28: 06H00 - 20H00 | I28: 18 | J28: 12 | Z28: 3 | AA28: 3 | AB28: 3 | AC28: 3 | AF28: 3 | AG28: 3 | AH28: 3 | AI28: 3 | AJ28: 3 | AM28: 3 | AN28: 3 | AO28: 3 | AP28: 3 | AQ28: 3 | AT28: 3 | AU28: 3 | AV28: 3 | AW28: 3 | AX28: 3 | BA28: 3 | BB28: 3 | BC28: 3 | BD28: =SUM(K28:BC28) -> 66 | BE28: =I28*BD28 -> 1188 | BF28: =J28*BD28 -> 792
B29: 6 | E29: KCH | F29: NOTICIERO | G29: MENCION 20" | H29: 06H00 - 20H00 | I29: 18 | J29: 10 | Z29: 4 | AA29: 4 | AB29: 4 | AC29: 4 | AF29: 4 | AG29: 4 | AH29: 4 | AI29: 4 | AJ29: 4 | AM29: 4 | AN29: 4 | AO29: 4 | AP29: 4 | AQ29: 4 | AT29: 4 | AU29: 4 | AV29: 4 | AW29: 4 | AX29: 4 | BA29: 4 | BB29: 4 | BC29: 4 | BD29: =SUM(K29:BC29) -> 88 | BE29: =I29*BD29 -> 1584 | BF29: =J29*BD29 -> 880
F30: ROTATIVO MUSICAL | G30: CUÑA 30" | H30: 06H00 - 20H00 | I30: 18 | J30: 10 | Z30: 3 | AA30: 3 | AB30: 3 | AC30: 3 | AF30: 3 | AG30: 3 | AH30: 3 | AI30: 3 | AJ30: 3 | AM30: 3 | AN30: 3 | AO30: 3 | AP30: 3 | AQ30: 3 | AT30: 3 | AU30: 3 | AV30: 3 | AW30: 3 | AX30: 3 | BA30: 3 | BB30: 3 | BC30: 3 | BD30: =SUM(K30:BC30) -> 66 | BE30: =I30*BD30 -> 1188 | BF30: =J30*BD30 -> 660
B31: 7 | E31: ATALAYA | F31: NOTICIERO | G31: MENCION 20" | H31: 06H00 - 20H00 | I31: 25 | J31: 14 | Z31: 4 | AA31: 4 | AB31: 4 | AC31: 4 | AF31: 4 | AG31: 4 | AH31: 4 | AI31: 4 | AJ31: 4 | AM31: 4 | AN31: 4 | AO31: 4 | AP31: 4 | AQ31: 4 | AT31: 4 | AU31: 4 | AV31: 4 | AW31: 4 | AX31: 4 | BA31: 4 | BB31: 4 | BC31: 4 | BD31: =SUM(K31:BC31) -> 88 | BE31: =I31*BD31 -> 2200 | BF31: =J31*BD31 -> 1232 | BG31: ENTREVISTA
F32: ROTATIVO | G32: CUÑA 30" | H32: 06H00 - 20H00 | I32: 16 | J32: 12 | Z32: 3 | AA32: 3 | AB32: 3 | AC32: 3 | AF32: 3 | AG32: 3 | AH32: 3 | AI32: 3 | AJ32: 3 | AM32: 3 | AN32: 3 | AO32: 3 | AP32: 3 | AQ32: 3 | AT32: 3 | AU32: 3 | AV32: 3 | AW32: 3 | AX32: 3 | BA32: 3 | BB32: 3 | BC32: 3 | BD32: =SUM(K32:BC32) -> 66 | BE32: =I32*BD32 -> 1056 | BF32: =J32*BD32 -> 792
B33: 8 | D33: CUENCA | E33: COMPLICE | F33: ROTATIVO MUSICAL | G33: CUÑA 30" | H33: 06H00 - 20H00 | I33: 12 | J33: 10 | Z33: 5 | AA33: 5 | AB33: 5 | AC33: 5 | AF33: 5 | AG33: 5 | AH33: 5 | AI33: 5 | AJ33: 5 | AM33: 5 | AN33: 5 | AO33: 5 | AP33: 5 | AQ33: 5 | AT33: 5 | AU33: 5 | AV33: 5 | AW33: 5 | AX33: 5 | BA33: 5 | BB33: 5 | BC33: 5 | BD33: =SUM(K33:BC33) -> 110 | BE33: =I33*BD33 -> 1320 | BF33: =J33*BD33 -> 1100 | BG33: ENTREVISTA
F34: NOTICIERO | G34: MENCION 20" | H34: 05H45-9H00 | I34: 18 | J34: 14 | Z34: 2 | AA34: 2 | AB34: 2 | AC34: 2 | AF34: 2 | AG34: 2 | AH34: 2 | AI34: 2 | AJ34: 2 | AM34: 2 | AN34: 2 | AO34: 2 | AP34: 2 | AQ34: 2 | AT34: 2 | AU34: 2 | AV34: 2 | AW34: 2 | AX34: 2 | BA34: 2 | BB34: 2 | BC34: 2 | BD34: =SUM(K34:BC34) -> 44 | BE34: =I34*BD34 -> 792 | BF34: =J34*BD34 -> 616 | BH34: =SUM(K34:Y34) -> 0 | BI34: =BH34*J34 -> 0 | BJ34: =SUM(Z34:BC34) -> 44 | BK34: =BJ34*J34 -> 616 | BL34: =SUM(#REF!) -> #REF! | BM34: =BL34*J34 -> #REF!
B35: 10 | F35: ROTATIVO MUSICAL | G35: CUÑA 30" | H35: 06H00 - 20H00 | BD35: =SUM(K35:BC35) -> 0 | BE35: =I35*BD35 -> 0 | BF35: =J35*BD35 -> 0
B36: 9 | D36: TUNGURAHUA | E36: STEREO FIESTA | F36: ROTATIVO MUSICAL | G36: CUÑA 30" | H36: 06H00 - 20H00 | I36: 15 | J36: 7.5 | Z36: 7 | AA36: 7 | AB36: 7 | AC36: 7 | AF36: 7 | AG36: 7 | AH36: 7 | AI36: 7 | AJ36: 7 | AM36: 7 | AN36: 7 | AO36: 7 | AP36: 7 | AQ36: 7 | AT36: 7 | AU36: 7 | AV36: 7 | AW36: 7 | AX36: 7 | BA36: 7 | BB36: 7 | BC36: 7 | BD36: =SUM(K36:BC36) -> 154 | BE36: =I36*BD36 -> 2310 | BF36: =J36*BD36 -> 1155 | BH36: =SUM(K36:Y36) -> 0 | BI36: =BH36*J36 -> 0 | BJ36: =SUM(Z36:BC36) -> 154 | BK36: =BJ36*J36 -> 1155 | BL36: =SUM(#REF!) -> #REF! | BM36: =BL36*J36 -> #REF!
E37: AMBATO | F37: ROTATIVO MUSICAL | G37: CUÑA 30" | H37: 06H00 - 20H00 | I37: 15 | J37: 8 | Z37: 7 | AA37: 7 | AB37: 7 | AC37: 7 | AF37: 7 | AG37: 7 | AH37: 7 | AI37: 7 | AJ37: 7 | AM37: 7 | AN37: 7 | AO37: 7 | AP37: 7 | AQ37: 7 | AT37: 7 | AU37: 7 | AV37: 7 | AW37: 7 | AX37: 7 | BA37: 7 | BB37: 7 | BC37: 7 | BD37: =SUM(K37:BC37) -> 154 | BE37: =I37*BD37 -> 2310 | BF37: =J37*BD37 -> 1232
B38: 10 | D38: COTOPAXI | E38: HECHIZO FM | F38: ROTATIVO MUSICAL | G38: CUÑA 30" | H38: 06H00 - 20H00 | I38: 12 | J38: 8 | Z38: 7 | AA38: 7 | AB38: 7 | AC38: 7 | AF38: 7 | AG38: 7 | AH38: 7 | AI38: 7 | AJ38: 7 | AM38: 7 | AN38: 7 | AO38: 7 | AP38: 7 | AQ38: 7 | AT38: 7 | AU38: 7 | AV38: 7 | AW38: 7 | AX38: 7 | BA38: 7 | BB38: 7 | BC38: 7 | BD38: =SUM(K38:BC38) -> 154 | BE38: =I38*BD38 -> 1848 | BF38: =J38*BD38 -> 1232 | BH38: =SUM(K38:Y38) -> 0 | BI38: =BH38*J38 -> 0 | BJ38: =SUM(Z38:BC38) -> 154 | BK38: =BJ38*J38 -> 1232 | BL38: =SUM(#REF!) -> #REF! | BM38: =BL38*J38 -> #REF!
B39: 11 | D39: CHIMBORAZO | E39: FUTURA FM | F39: ROTATIVO MUSICAL | G39: CUÑA 30" | H39: 06H00 - 20H00 | I39: 12 | J39: 8 | Z39: 7 | AA39: 7 | AB39: 7 | AC39: 7 | AF39: 7 | AG39: 7 | AH39: 7 | AI39: 7 | AJ39: 7 | AM39: 7 | AN39: 7 | AO39: 7 | AP39: 7 | AQ39: 7 | AT39: 7 | AU39: 7 | AV39: 7 | AW39: 7 | AX39: 7 | BA39: 7 | BB39: 7 | BC39: 7 | BD39: =SUM(K39:BC39) -> 154 | BE39: =I39*BD39 -> 1848 | BF39: =J39*BD39 -> 1232
B40: 12 | D40: MANABI | E40: SONOONDA | F40: ROTATIVO MUSICAL | G40: CUÑA 30" | H40: 06H00 - 20H00 | I40: 12 | J40: 8 | Z40: 7 | AA40: 7 | AB40: 7 | AC40: 7 | AF40: 7 | AG40: 7 | AH40: 7 | AI40: 7 | AJ40: 7 | AM40: 7 | AN40: 7 | AO40: 7 | AP40: 7 | AQ40: 7 | AT40: 7 | AU40: 7 | AV40: 7 | AW40: 7 | AX40: 7 | BA40: 7 | BB40: 7 | BC40: 7 | BD40: =SUM(K40:BC40) -> 154 | BE40: =I40*BD40 -> 1848 | BF40: =J40*BD40 -> 1232 | BH40: =SUM(K40:Y40) -> 0 | BI40: =BH40*J40 -> 0 | BJ40: =SUM(Z40:BC40) -> 154 | BK40: =BJ40*J40 -> 1232 | BL40: =SUM(#REF!) -> #REF! | BM40: =BL40*J40 -> #REF!
B41: 14 | D41: IMBABURA | E41: AMERICA FM | F41: ROTATIVO MUSICAL | G41: CUÑA 30" | H41: 06H00 - 20H00 | I41: 12 | J41: 8 | Z41: 7 | AA41: 7 | AB41: 7 | AC41: 7 | AF41: 7 | AG41: 7 | AH41: 7 | AI41: 7 | AJ41: 7 | AM41: 7 | AN41: 7 | AO41: 7 | AP41: 7 | AQ41: 7 | AT41: 7 | AU41: 7 | AV41: 7 | AW41: 7 | AX41: 7 | BA41: 7 | BB41: 7 | BC41: 7 | BD41: =SUM(K41:BC41) -> 154 | BE41: =I41*BD41 -> 1848 | BF41: =J41*BD41 -> 1232
B42: 15 | E42: SATELITE | F42: ROTATIVO MUSICAL | G42: CUÑA 30" | H42: 06H00 - 20H00 | I42: 7 | J42: 6 | Z42: 7 | AA42: 7 | AB42: 7 | AC42: 7 | AF42: 7 | AG42: 7 | AH42: 7 | AI42: 7 | AJ42: 7 | AM42: 7 | AN42: 7 | AO42: 7 | AP42: 7 | AQ42: 7 | AT42: 7 | AU42: 7 | AV42: 7 | AW42: 7 | AX42: 7 | BA42: 7 | BB42: 7 | BC42: 7 | BD42: =SUM(K42:BC42) -> 154 | BE42: =I42*BD42 -> 1078 | BF42: =J42*BD42 -> 924 | BH42: =SUM(K42:Y42) -> 0 | BI42: =BH42*J42 -> 0 | BJ42: =SUM(Z42:BC42) -> 154 | BK42: =BJ42*J42 -> 924 | BL42: =SUM(#REF!) -> #REF! | BM42: =BL42*J42 -> #REF!
B43: 16 | D43: CARCHI | E43: TULCAN FM | F43: ROTATIVO MUSICAL | G43: CUÑA 30" | H43: 06H00 - 20H00 | I43: 12 | J43: 6 | Z43: 7 | AA43: 7 | AB43: 7 | AC43: 7 | AF43: 7 | AG43: 7 | AH43: 7 | AI43: 7 | AJ43: 7 | AM43: 7 | AN43: 7 | AO43: 7 | AP43: 7 | AQ43: 7 | AT43: 7 | AU43: 7 | AV43: 7 | AW43: 7 | AX43: 7 | BA43: 7 | BB43: 7 | BC43: 7 | BD43: =SUM(K43:BC43) -> 154 | BE43: =I43*BD43 -> 1848 | BF43: =J43*BD43 -> 924
A44: PG | B44: 22 | F44: ROTATIVO | G44: CUÑA 30" | H44: 06H00 - 20H00 | BD44: =SUM(K44:BC44) -> 0 | BE44: =I44*BD44 -> 0
A45: PG | F45: ROTATIVO | G45: CUÑA 30" | H45: 06H00 - 20H00 | BD45: =SUM(K45:BC45) -> 0 | BE45: =I45*BD45 -> 0
B46: TOTAL | K46: =SUM(K13:K42) -> 0 | L46: =SUM(L13:L42) -> 0 | M46: =SUM(M13:M42) -> 0 | N46: =SUM(N13:N42) -> 0 | O46: =SUM(O13:O42) -> 0 | P46: =SUM(P13:P42) -> 0 | Q46: =SUM(Q13:Q42) -> 0 | R46: =SUM(R13:R43) -> 0 | S46: =SUM(S13:S43) -> 0 | T46: =SUM(T13:T43) -> 0 | U46: =SUM(U13:U43) -> 0 | V46: =SUM(V13:V43) -> 0 | W46: =SUM(W13:W43) -> 0 | X46: =SUM(X13:X43) -> 0 | Y46: =SUM(Y13:Y43) -> 0 | Z46: =SUM(Z13:Z45) -> 123 | AA46: =SUM(AA13:AA45) -> 123 | AB46: =SUM(AB13:AB45) -> 123 | AC46: =SUM(AC13:AC45) -> 123 | AD46: =SUM(AD13:AD45) -> 0 | AE46: =SUM(AE13:AE45) -> 0 | AF46: =SUM(AF13:AF45) -> 123 | AG46: =SUM(AG13:AG45) -> 123 | ... BE46: =SUM(BE13:BE45) -> 47960 | BF46: =SUM(BF13:BF43) -> 29789 | BH46: =SUM(BH13:BH42) -> 0 | BI46: =SUM(BI13:BI42) -> #REF! | BJ46: =SUM(BJ13:BJ42) -> 814 | BK46: =SUM(BK13:BK42) -> #REF! | BL46: =SUM(BL13:BL42) -> #REF! | BM46: =SUM(BM13:BM42) -> #REF!
D47: *VALORES NO INCLUYEN IVA | BE47: DESCUENTO | BF47: =(BF46/BE46)-1 -> -0.37887823 | BH47: =SUM(BH46,BJ46,BL46) -> #REF!
BH48: =SUM(BI46,BK46,BM46) -> #REF! | BI48: =+BH48-BF46 -> #REF!
D50: *Agencia enviara los tema a tratar para que los medios elaboren la propuesta de contenido de cápsula .

Sheet RAD COMUNITARIA
E2: RADIO PAUTA
E4: CLIENTE: | F4: CONAFIPS
E5: CAMPAÑA: | F5: INSTITUCIONAL
E6: PERIODO: | F6: 1 MES
E7: TARGET: | F7: PERSONAS 18 + BC
K10: MAYO | Z10: 15 DIAS | AO10: 15 DIAS
B11: # | C11: CATEGORIA | D11: COBERTURA | E11: EMISORA | F11: PROGRAMA | G11: DERECHOS | H11: HORARIO | I11: TARIFA REAL | J11: TARIFA NEGOCIADA | K11: L | L11: M | M11: X | N11: J | O11: V | P11: S | Q11: D | R11: L | S11: M | T11: X | U11: J | V11: V | W11: S | X11: D | Y11: L | Z11: M | AA11: X | AB11: J | AC11: V | AD11: S | AE11: D | AF11: L | AG11: M | AH11: X | AI11: J | AJ11: V | AK11: S | AL11: D | AM11: L | AN11: M | AO11: X | AP11: J | AQ11: V | AR11: S | AS11: D | AT11: L | AU11: M | AV11: X | AW11: J | AX11: V | AY11: S | AZ11: D | BA11: L | BB11: M | BC11: X | BD11: TOTAL | BE11: VALOR TOTAL REAL | BF11: VALOR TOTAL NEGOCIADO
K12: 17 | L12: =K12+1 -> 18 | M12: =L12+1 -> 19 | N12: =M12+1 -> 20 | O12: =N12+1 -> 21 | P12: =O12+1 -> 22 | Q12: =P12+1 -> 23 | R12: =Q12+1 -> 24 | S12: =R12+1 -> 25 | ... Y12: =X12+1 -> 31 | Z12: 1 | AA12: =Z12+1 -> 2 | AB12: =+AA12+1 -> 3 | AC12: =AB12+1 -> 4 | AD12: =AC12+1 -> 5 | AE12: =AD12+1 -> 6 | AF12: =AE12+1 -> 7 | AG12: =AF12+1 -> 8 | AH12: =AG12+1 -> 9 | AI12: =AH12+1 -> 10 | AJ12: =AI12+1 -> 11 | ... AN12: =AM12+1 -> 15 | AO12: =+AN12+1 -> 16 | AP12: =AO12+1 -> 17 | AQ12: =AP12+1 -> 18 | AR12: =AQ12+1 -> 19 | AS12: =AR12+1 -> 20 | AT12: =AS12+1 -> 21 | AU12: =AT12+1 -> 22 | AV12: =AU12+1 -> 23 | AW12: =AV12+1 -> 24 | ... BC12: =BB12+1 -> 30 | BD12: CUÑAS | BH12: MAYO | BJ12: JUNIO | BL12: JULIO
E13: GRUPO CORAPE
B14: 1 | C14: COMUNITARIA | D14: Manabi- Jipijapa | E14: ALFARO | F14: ECUADOR EN CONTACTO: PRIMERA EMISIÓN | G14: CUÑA 30" | H14: 06H30 | I14: 5156.25 | J14: 4125 | Z14: 2 | AA14: 2 | AB14: 2 | AC14: 2 | AF14: 2 | AG14: 2 | AH14: 2 | AI14: 2 | AJ14: 2 | AM14: 2 | AN14: 2 | AO14: 2 | AP14: 2 | AQ14: 2 | AT14: 2 | AU14: 2 | AV14: 2 | AW14: 2 | AX14: 2 | BA14: 2 | BB14: 2 | BC14: 2 | BD14: =SUM(K14:BC14) -> 44 | BE14: 5156.25 | BF14: 4125 | BH14: =SUM(K14:Y14) -> 0 | BI14: =BH14*J14 -> 0 | BJ14: =SUM(Z14:BC14) -> 44 | BK14: =BJ14*J14 -> 181500 | BL14: =SUM(#REF!) -> #REF! | BM14: =BL14*J14 -> #REF!
F15: ECUADOR EN CONTACTO: SEGUNDA EMISIÓN | G15: CUÑA 30" | H15: 12H00- 14H00 | BD15: =SUM(K15:BC15) -> 0 | BH15: =SUM(K15:Y15) -> 0 | BI15: =BH15*J15 -> 0 | BJ15: =SUM(Z15:BC15) -> 0 | BK15: =BJ15*J15 -> 0 | BL15: =SUM(#REF!) -> #REF! | BM15: =BL15*J15 -> #REF!
F16: HASQUINAKUY: NOTICIERO EN IDIOMA KICHWA | G16: CUÑA 30" | H16: 17H00- 18H00 | BD16: =SUM(K16:BC16) -> 0 | BH16: =SUM(K16:Y16) -> 0 | BI16: =BH16*J16 -> 0 | BJ16: =SUM(Z16:BC16) -> 0 | BK16: =BJ16*J16 -> 0 | BL16: =SUM(#REF!) -> #REF! | BM16: =BL16*J16 -> #REF!
B17: 2 | D17: Esmeraldas | E17: ANTENA LIBRE | F17: ECUADOR EN CONTACTO: PRIMERA EMISIÓN | G17: CUÑA 30" | H17: 08h30 | Z17: 2 | AA17: 2 | AB17: 2 | AC17: 2 | AF17: 2 | AG17: 2 | AH17: 2 | AI17: 2 | AJ17: 2 | AM17: 2 | AN17: 2 | AO17: 2 | AP17: 2 | AQ17: 2 | AT17: 2 | AU17: 2 | AV17: 2 | AW17: 2 | AX17: 2 | BA17: 2 | BB17: 2 | BC17: 2 | BD17: =SUM(K17:BC17) -> 44
F18: ECUADOR EN CONTACTO: SEGUNDA EMISIÓN | G18: CUÑA 30" | H18: 12H00- 14H00 | BD18: =SUM(K18:BC18) -> 0
F19: HASQUINAKUY: NOTICIERO EN IDIOMA KICHWA | G19: CUÑA 30" | H19: 09H00.12H00 | BD19: =SUM(K19:BC19) -> 0
B20: 3 | D20: Pichincha- Quito | E20: CASA DE LA CULTURA ECUATORIANA “BENJAMIN CARRIÓN” | F20: ECUADOR EN CONTACTO: PRIMERA EMISIÓN | G20: CUÑA 30" | H20: 06H30 | Z20: 2 | AA20: 2 | AB20: 2 | AC20: 2 | AF20: 2 | AG20: 2 | AH20: 2 | AI20: 2 | AJ20: 2 | AM20: 2 | AN20: 2 | AO20: 2 | AP20: 2 | AQ20: 2 | AT20: 2 | AU20: 2 | AV20: 2 | AW20: 2 | AX20: 2 | BA20: 2 | BB20: 2 | BC20: 2 | BD20: =SUM(K20:BC20) -> 44
B21: 4 | D21: Loja - Saraguro | F21: ECUADOR EN CONTACTO: PRIMERA EMISIÓN | G21: CUÑA 30" | H21: 06H30 | Z21: 2 | AA21: 2 | AB21: 2 | AC21: 2 | AF21: 2 | AG21: 2 | AH21: 2 | AI21: 2 | AJ21: 2 | AM21: 2 | AN21: 2 | AO21: 2 | AP21: 2 | AQ21: 2 | AT21: 2 | AU21: 2 | AV21: 2 | AW21: 2 | AX21: 2 | BA21: 2 | BB21: 2 | BC21: 2 | BD21: =SUM(K21:BC21) -> 44
E22: EL BUEN PASTOR | F22: ECUADOR EN CONTACTO: SEGUNDA EMISIÓN | G22: CUÑA 30" | H22: 19H30 | Z22: 2 | AA22: 2 | AB22: 2 | AC22: 2 | AF22: 2 | AG22: 2 | AH22: 2 | AI22: 2 | AJ22: 2 | AM22: 2 | AN22: 2 | AO22: 2 | AP22: 2 | AQ22: 2 | AT22: 2 | AU22: 2 | AV22: 2 | AW22: 2 | AX22: 2 | BA22: 2 | BB22: 2 | BC22: 2 | BD22: =SUM(K22:BC22) -> 44
F23: HASQUINAKUY: NOTICIERO EN IDIOMA KICHWA | G23: CUÑA 30" | H23: 09H00.12H00 | BD23: =SUM(K23:BC23) -> 0
B24: 5 | D24: Chimborazo - Riobamba | E24: FUNDACIÓN ESCUELAS RADIOFÓNICAS POPULARES - ERPE | F24: ECUADOR EN CONTACTO: PRIMERA EMISIÓN | G24: CUÑA 30" | H24: 06H30 | Z24: 2 | AA24: 2 | AB24: 2 | AC24: 2 | AF24: 2 | AG24: 2 | AH24: 2 | AI24: 2 | AJ24: 2 | AM24: 2 | AN24: 2 | AO24: 2 | AP24: 2 | AQ24: 2 | AT24: 2 | AU24: 2 | AV24: 2 | AW24: 2 | AX24: 2 | BA24: 2 | BB24: 2 | BC24: 2 | BD24: =SUM(K24:BC24) -> 44 | BH24: =SUM(K24:Y24) -> 0 | BI24: =BH24*J24 -> 0 | BJ24: =SUM(Z24:BC24) -> 44 | BK24: =BJ24*J24 -> 0 | BL24: =SUM(#REF!) -> #REF! | BM24: =BL24*J24 -> #REF!
F25: ECUADOR EN CONTACTO: SEGUNDA EMISIÓN | G25: CUÑA 30" | H25: 17H30 | Z25: 2 | AA25: 2 | AB25: 2 | AC25: 2 | AF25: 2 | AG25: 2 | AH25: 2 | AI25: 2 | AJ25: 2 | AM25: 2 | AN25: 2 | AO25: 2 | AP25: 2 | AQ25: 2 | AT25: 2 | AU25: 2 | AV25: 2 | AW25: 2 | AX25: 2 | BA25: 2 | BB25: 2 | BC25: 2 | BD25: =SUM(K25:BC25) -> 44 | BH25: =SUM(K25:Y25) -> 0 | BI25: =BH25*J25 -> 0 | BJ25: =SUM(Z25:BC25) -> 44 | BK25: =BJ25*J25 -> 0 | BL25: =SUM(#REF!) -> #REF! | BM25: =BL25*J25 -> #REF!
F26: HASQUINAKUY: NOTICIERO EN IDIOMA KICHWA | G26: CUÑA 30" | H26: 18H00 | Z26: 2 | AA26: 2 | AB26: 2 | AC26: 2 | AF26: 2 | AG26: 2 | AH26: 2 | AI26: 2 | AJ26: 2 | AM26: 2 | AN26: 2 | AO26: 2 | AP26: 2 | AQ26: 2 | AT26: 2 | AU26: 2 | AV26: 2 | AW26: 2 | AX26: 2 | BA26: 2 | BB26: 2 | BC26: 2 | BD26: =SUM(K26:BC26) -> 44 | BH26: =SUM(K26:Y26) -> 0 | BI26: =BH26*J26 -> 0 | BJ26: =SUM(Z26:BC26) -> 44 | BK26: =BJ26*J26 -> 0 | BL26: =SUM(#REF!) -> #REF! | BM26: =BL26*J26 -> #REF!
B27: 6 | D27: Napo- Tena | E27: ESTEREO IDEAL | F27: ECUADOR EN CONTACTO: PRIMERA EMISIÓN | G27: CUÑA 30" | H27: 06H30 | Z27: 2 | AA27: 2 | AB27: 2 | AC27: 2 | AF27: 2 | AG27: 2 | AH27: 2 | AI27: 2 | AJ27: 2 | AM27: 2 | AN27: 2 | AO27: 2 | AP27: 2 | AQ27: 2 | AT27: 2 | AU27: 2 | AV27: 2 | AW27: 2 | AX27: 2 | BA27: 2 | BB27: 2 | BC27: 2 | BD27: =SUM(K27:BC27) -> 44
F28: ECUADOR EN CONTACTO: SEGUNDA EMISIÓN | G28: CUÑA 30" | H28: 18H00 | Z28: 2 | AA28: 2 | AB28: 2 | AC28: 2 | AF28: 2 | AG28: 2 | AH28: 2 | AI28: 2 | AJ28: 2 | AM28: 2 | AN28: 2 | AO28: 2 | AP28: 2 | AQ28: 2 | AT28: 2 | AU28: 2 | AV28: 2 | AW28: 2 | AX28: 2 | BA28: 2 | BB28: 2 | BC28: 2 | BD28: =SUM(K28:BC28) -> 44
F29: HASQUINAKUY: NOTICIERO EN IDIOMA KICHWA | G29: CUÑA 30" | H29: 09H00.12H00 | BD29: =SUM(K29:BC29) -> 0
B30: 7 | D30: Carchi- Túlcan | E30: LA VOZ DE LA FRONTERA | F30: ECUADOR EN CONTACTO: PRIMERA EMISIÓN | G30: CUÑA 30" | H30: 06H30 | Z30: 2 | AA30: 2 | AB30: 2 | AC30: 2 | AF30: 2 | AG30: 2 | AH30: 2 | AI30: 2 | AJ30: 2 | AM30: 2 | AN30: 2 | AO30: 2 | AP30: 2 | AQ30: 2 | AT30: 2 | AU30: 2 | AV30: 2 | AW30: 2 | AX30: 2 | BA30: 2 | BB30: 2 | BC30: 2 | BD30: =SUM(K30:BC30) -> 44
F31: ECUADOR EN CONTACTO: SEGUNDA EMISIÓN | G31: CUÑA 30" | H31: 18H00 | Z31: 2 | AA31: 2 | AB31: 2 | AC31: 2 | AF31: 2 | AG31: 2 | AH31: 2 | AI31: 2 | AJ31: 2 | AM31: 2 | AN31: 2 | AO31: 2 | AP31: 2 | AQ31: 2 | AT31: 2 | AU31: 2 | AV31: 2 | AW31: 2 | AX31: 2 | BA31: 2 | BB31: 2 | BC31: 2 | BD31: =SUM(K31:BC31) -> 44
F32: HASQUINAKUY: NOTICIERO EN IDIOMA KICHWA | G32: CUÑA 30" | H32: 09H00.12H00 | BD32: =SUM(K32:BC32) -> 0
B33: 8 | D33: Imbabura- Otavalo | E33: ILUMÁN | F33: ECUADOR EN CONTACTO: PRIMERA EMISIÓN | G33: CUÑA 30" | H33: 13H00 | Z33: 2 | AA33: 2 | AB33: 2 | AC33: 2 | AF33: 2 | AG33: 2 | AH33: 2 | AI33: 2 | AJ33: 2 | AM33: 2 | AN33: 2 | AO33: 2 | AP33: 2 | AQ33: 2 | AT33: 2 | AU33: 2 | AV33: 2 | AW33: 2 | AX33: 2 | BA33: 2 | BB33: 2 | BC33: 2 | BD33: =SUM(K33:BC33) -> 44 | BH33: =SUM(K33:Y33) -> 0 | BI33: =BH33*J33 -> 0 | BJ33: =SUM(Z33:BC33) -> 44 | BK33: =BJ33*J33 -> 0 | BL33: =SUM(#REF!) -> #REF! | BM33: =BL33*J33 -> #REF!
F34: ECUADOR EN CONTACTO: SEGUNDA EMISIÓN | G34: CUÑA 30" | H34: 12H00- 14H00 | BD34: =SUM(K34:BC34) -> 0 | BH34: =SUM(K34:Y34) -> 0 | BI34: =BH34*J34 -> 0 | BJ34: =SUM(Z34:BC34) -> 0 | BK34: =BJ34*J34 -> 0 | BL34: =SUM(#REF!) -> #REF! | BM34: =BL34*J34 -> #REF!
F35: HASQUINAKUY: NOTICIERO EN IDIOMA KICHWA | G35: CUÑA 30" | H35: 17H00- 18H00 | BD35: =SUM(K35:BC35) -> 0 | BH35: =SUM(K35:Y35) -> 0 | BI35: =BH35*J35 -> 0 | BJ35: =SUM(Z35:BC35) -> 0 | BK35: =BJ35*J35 -> 0 | BL35: =SUM(#REF!) -> #REF! | BM35: =BL35*J35 -> #REF!
B36: 9 | D36: Imbabura- Cotacahi | E36: INTAG | F36: ECUADOR EN CONTACTO: PRIMERA EMISIÓN | G36: CUÑA 30" | H36: 06H30 | Z36: 2 | AA36: 2 | AB36: 2 | AC36: 2 | AF36: 2 | AG36: 2 | AH36: 2 | AI36: 2 | AJ36: 2 | AM36: 2 | AN36: 2 | AO36: 2 | AP36: 2 | AQ36: 2 | AT36: 2 | AU36: 2 | AV36: 2 | AW36: 2 | AX36: 2 | BA36: 2 | BB36: 2 | BC36: 2 | BD36: =SUM(K36:BC36) -> 44
F37: ECUADOR EN CONTACTO: SEGUNDA EMISIÓN | G37: CUÑA 30" | H37: 12H00- 14H00 | Z37: 2 | AA37: 2 | AB37: 2 | AC37: 2 | AF37: 2 | AG37: 2 | AH37: 2 | AI37: 2 | AJ37: 2 | AM37: 2 | AN37: 2 | AO37: 2 | AP37: 2 | AQ37: 2 | AT37: 2 | AU37: 2 | AV37: 2 | AW37: 2 | AX37: 2 | BA37: 2 | BB37: 2 | BC37: 2 | BD37: =SUM(K37:BC37) -> 44
F38: HASQUINAKUY: NOTICIERO EN IDIOMA KICHWA | G38: CUÑA 30" | H38: 09H00.12H00 | BD38: =SUM(K38:BC38) -> 0
B39: 10 | D39: Chimborazo - Guamote | E39: LA VOZ DE GUAMOTE | F39: ECUADOR EN CONTACTO: PRIMERA EMISIÓN | G39: CUÑA 30" | H39: 06H30 | Z39: 2 | AA39: 2 | AB39: 2 | AC39: 2 | AF39: 2 | AG39: 2 | AH39: 2 | AI39: 2 | AJ39: 2 | AM39: 2 | AN39: 2 | AO39: 2 | AP39: 2 | AQ39: 2 | AT39: 2 | AU39: 2 | AV39: 2 | AW39: 2 | AX39: 2 | BA39: 2 | BB39: 2 | BC39: 2 | BD39: =SUM(K39:BC39) -> 44
E40: LA VOZ DE GUAMOTE | F40: ECUADOR EN CONTACTO: SEGUNDA EMISIÓN | G40: CUÑA 30" | H40: 18H00 | Z40: 2 | AA40: 2 | AB40: 2 | AC40: 2 | AF40: 2 | AG40: 2 | AH40: 2 | AI40: 2 | AJ40: 2 | AM40: 2 | AN40: 2 | AO40: 2 | AP40: 2 | AQ40: 2 | AT40: 2 | AU40: 2 | AV40: 2 | AW40: 2 | AX40: 2 | BA40: 2 | BB40: 2 | BC40: 2 | BD40: =SUM(K40:BC40) -> 44
F41: HASQUINAKUY: NOTICIERO EN IDIOMA KICHWA | G41: CUÑA 30" | H41: 18H45 | Z41: 2 | AA41: 2 | AB41: 2 | AC41: 2 | AF41: 2 | AG41: 2 | AH41: 2 | AI41: 2 | AJ41: 2 | AM41: 2 | AN41: 2 | AO41: 2 | AP41: 2 | AQ41: 2 | AT41: 2 | AU41: 2 | AV41: 2 | AW41: 2 | AX41: 2 | BA41: 2 | BB41: 2 | BC41: 2 | BD41: =SUM(K41:BC41) -> 44
B42: 11 | D42: Zamora | E42: LA VOZ DE ZAMORA | F42: ECUADOR EN CONTACTO: PRIMERA EMISIÓN | G42: CUÑA 30" | H42: 06H30 | Z42: 2 | AA42: 2 | AB42: 2 | AC42: 2 | AF42: 2 | AG42: 2 | AH42: 2 | AI42: 2 | AJ42: 2 | AM42: 2 | AN42: 2 | AO42: 2 | AP42: 2 | AQ42: 2 | AT42: 2 | AU42: 2 | AV42: 2 | AW42: 2 | AX42: 2 | BA42: 2 | BB42: 2 | BC42: 2 | BD42: =SUM(K42:BC42) -> 44 | BH42: =SUM(K42:Y42) -> 0 | BI42: =BH42*J42 -> 0 | BJ42: =SUM(Z42:BC42) -> 44 | BK42: =BJ42*J42 -> 0 | BL42: =SUM(#REF!) -> #REF! | BM42: =BL42*J42 -> #REF!
F43: ECUADOR EN CONTACTO: SEGUNDA EMISIÓN | G43: CUÑA 30" | H43: 12H00- 14H00 | BD43: =SUM(K43:BC43) -> 0 | BH43: =SUM(K43:Y43) -> 0 | BI43: =BH43*J43 -> 0 | BJ43: =SUM(Z43:BC43) -> 0 | BK43: =BJ43*J43 -> 0 | BL43: =SUM(#REF!) -> #REF! | BM43: =BL43*J43 -> #REF!
F44: HASQUINAKUY: NOTICIERO EN IDIOMA KICHWA | G44: CUÑA 30" | H44: 17H00- 18H00 | BD44: =SUM(K44:BC44) -> 0 | BH44: =SUM(K44:Y44) -> 0 | BI44: =BH44*J44 -> 0 | BJ44: =SUM(Z44:BC44) -> 0 | BK44: =BJ44*J44 -> 0 | BL44: =SUM(#REF!) -> #REF! | BM44: =BL44*J44 -> #REF!
B45: 12 | D45: Pastaza-Puyo | E45: PUYO | F45: ECUADOR EN CONTACTO: PRIMERA EMISIÓN | G45: CUÑA 30" | H45: 14H00 | Z45: 2 | AA45: 2 | AB45: 2 | AC45: 2 | AF45: 2 | AG45: 2 | AH45: 2 | AI45: 2 | AJ45: 2 | AM45: 2 | AN45: 2 | AO45: 2 | AP45: 2 | AQ45: 2 | AT45: 2 | AU45: 2 | AV45: 2 | AW45: 2 | AX45: 2 | BA45: 2 | BB45: 2 | BC45: 2 | BD45: =SUM(K45:BC45) -> 44
F46: ECUADOR EN CONTACTO: SEGUNDA EMISIÓN | G46: CUÑA 30" | H46: 12H00- 14H00 | BD46: =SUM(K46:BC46) -> 0
F47: HASQUINAKUY: NOTICIERO EN IDIOMA KICHWA | G47: CUÑA 30" | H47: 09H00.12H00 | BD47: =SUM(K47:BC47) -> 0
B48: 13 | D48: Sucumbios- Nueva Loja | F48: ECUADOR EN CONTACTO: PRIMERA EMISIÓN | G48: CUÑA 30" | H48: 7H30 | Z48: 2 | AA48: 2 | AB48: 2 | AC48: 2 | AF48: 2 | AG48: 2 | AH48: 2 | AI48: 2 | AJ48: 2 | AM48: 2 | AN48: 2 | AO48: 2 | AP48: 2 | AQ48: 2 | AT48: 2 | AU48: 2 | AV48: 2 | AW48: 2 | AX48: 2 | BA48: 2 | BB48: 2 | BC48: 2 | BD48: =SUM(K48:BC48) -> 44
E49: SUCUMBIOS | F49: ECUADOR EN CONTACTO: SEGUNDA EMISIÓN | G49: CUÑA 30" | H49: 18H00 | Z49: 2 | AA49: 2 | AB49: 2 | AC49: 2 | AF49: 2 | AG49: 2 | AH49: 2 | AI49: 2 | AJ49: 2 | AM49: 2 | AN49: 2 | AO49: 2 | AP49: 2 | AQ49: 2 | AT49: 2 | AU49: 2 | AV49: 2 | AW49: 2 | AX49: 2 | BA49: 2 | BB49: 2 | BC49: 2 | BD49: =SUM(K49:BC49) -> 44
F50: HASQUINAKUY: NOTICIERO EN IDIOMA KICHWA | G50: CUÑA 30" | H50: 04H45 | Z50: 2 | AA50: 2 | AB50: 2 | AC50: 2 | AF50: 2 | AG50: 2 | AH50: 2 | AI50: 2 | AJ50: 2 | AM50: 2 | AN50: 2 | AO50: 2 | AP50: 2 | AQ50: 2 | AT50: 2 | AU50: 2 | AV50: 2 | AW50: 2 | AX50: 2 | BA50: 2 | BB50: 2 | BC50: 2 | BD50: =SUM(K50:BC50) -> 44
B51: 14 | D51: Galapagos- Sta Cruz | E51: SANTA CRUZ | F51: ECUADOR EN CONTACTO: PRIMERA EMISIÓN | G51: CUÑA 30" | H51: 08H00 | Z51: 2 | AA51: 2 | AB51: 2 | AC51: 2 | AF51: 2 | AG51: 2 | AH51: 2 | AI51: 2 | AJ51: 2 | AM51: 2 | AN51: 2 | AO51: 2 | AP51: 2 | AQ51: 2 | AT51: 2 | AU51: 2 | AV51: 2 | AW51: 2 | AX51: 2 | BA51: 2 | BB51: 2 | BC51: 2 | BD51: =SUM(K51:BC51) -> 44
F52: ECUADOR EN CONTACTO: SEGUNDA EMISIÓN | G52: CUÑA 30" | H52: 19H00 | Z52: 2 | AA52: 2 | AB52: 2 | AC52: 2 | AF52: 2 | AG52: 2 | AH52: 2 | AI52: 2 | AJ52: 2 | AM52: 2 | AN52: 2 | AO52: 2 | AP52: 2 | AQ52: 2 | AT52: 2 | AU52: 2 | AV52: 2 | AW52: 2 | AX52: 2 | BA52: 2 | BB52: 2 | BC52: 2 | BD52: =SUM(K52:BC52) -> 44
F53: HASQUINAKUY: NOTICIERO EN IDIOMA KICHWA | G53: CUÑA 30" | H53: 09H00.12H00 | BD53: =SUM(K53:BC53) -> 0
B54: 15 | D54: Azuay- Oña | E54: PANAMERICANA | F54: ECUADOR EN CONTACTO: PRIMERA EMISIÓN | G54: CUÑA 30" | H54: 06H30 | Z54: 2 | AA54: 2 | AB54: 2 | AC54: 2 | AF54: 2 | AG54: 2 | AH54: 2 | AI54: 2 | AJ54: 2 | AM54: 2 | AN54: 2 | AO54: 2 | AP54: 2 | AQ54: 2 | AT54: 2 | AU54: 2 | AV54: 2 | AW54: 2 | AX54: 2 | BA54: 2 | BB54: 2 | BC54: 2 | BD54: =SUM(K54:BC54) -> 44 | BH54: =SUM(K54:Y54) -> 0 | BI54: =BH54*J54 -> 0 | BJ54: =SUM(Z54:BC54) -> 44 | BK54: =BJ54*J54 -> 0 | BL54: =SUM(#REF!) -> #REF! | BM54: =BL54*J54 -> #REF!
F55: ECUADOR EN CONTACTO: SEGUNDA EMISIÓN | G55: CUÑA 30" | H55: 12H00- 14H00 | BD55: =SUM(K55:BC55) -> 0 | BH55: =SUM(K55:Y55) -> 0 | BI55: =BH55*J55 -> 0 | BJ55: =SUM(Z55:BC55) -> 0 | BK55: =BJ55*J55 -> 0 | BL55: =SUM(#REF!) -> #REF! | BM55: =BL55*J55 -> #REF!
F56: HASQUINAKUY: NOTICIERO EN IDIOMA KICHWA | G56: CUÑA 30" | H56: 17H00- 18H00 | BD56: =SUM(K56:BC56) -> 0 | BH56: =SUM(K56:Y56) -> 0 | BI56: =BH56*J56 -> 0 | BJ56: =SUM(Z56:BC56) -> 0 | BK56: =BJ56*J56 -> 0 | BL56: =SUM(#REF!) -> #REF! | BM56: =BL56*J56 -> #REF!
B57: 16 | D57: Bolivas- Salinas | E57: SALINERITO | F57: ECUADOR EN CONTACTO: PRIMERA EMISIÓN | G57: CUÑA 30" | H57: 08H30 | Z57: 2 | AA57: 2 | AB57: 2 | AC57: 2 | AF57: 2 | AG57: 2 | AH57: 2 | AI57: 2 | AJ57: 2 | AM57: 2 | AN57: 2 | AO57: 2 | AP57: 2 | AQ57: 2 | AT57: 2 | AU57: 2 | AV57: 2 | AW57: 2 | AX57: 2 | BA57: 2 | BB57: 2 | BC57: 2 | BD57: =SUM(K57:BC57) -> 44
F58: ECUADOR EN CONTACTO: SEGUNDA EMISIÓN | G58: CUÑA 30" | H58: 18H00 | Z58: 2 | AA58: 2 | AB58: 2 | AC58: 2 | AF58: 2 | AG58: 2 | AH58: 2 | AI58: 2 | AJ58: 2 | AM58: 2 | AN58: 2 | AO58: 2 | AP58: 2 | AQ58: 2 | AT58: 2 | AU58: 2 | AV58: 2 | AW58: 2 | AX58: 2 | BA58: 2 | BB58: 2 | BC58: 2 | BD58: =SUM(K58:BC58) -> 44
F59: HASQUINAKUY: NOTICIERO EN IDIOMA KICHWA | G59: CUÑA 30" | H59: 09H00.12H00 | BD59: =SUM(K59:BC59) -> 0
B60: 17 | D60: Guayas - Guayaquil | E60: SANTIAGO | F60: ECUADOR EN CONTACTO: PRIMERA EMISIÓN | G60: CUÑA 30" | H60: 04H30 | Z60: 2 | AA60: 2 | AB60: 2 | AC60: 2 | AF60: 2 | AG60: 2 | AH60: 2 | AI60: 2 | AJ60: 2 | AM60: 2 | AN60: 2 | AO60: 2 | AP60: 2 | AQ60: 2 | AT60: 2 | AU60: 2 | AV60: 2 | AW60: 2 | AX60: 2 | BA60: 2 | BB60: 2 | BC60: 2 | BD60: =SUM(K60:BC60) -> 44
E61: SANTIAGO | F61: ECUADOR EN CONTACTO: SEGUNDA EMISIÓN | G61: CUÑA 30" | H61: 12H00- 14H00 | BD61: =SUM(K61:BC61) -> 0
F62: HASQUINAKUY: NOTICIERO EN IDIOMA KICHWA | G62: CUÑA 30" | H62: 09H00.12H00 | BD62: =SUM(K62:BC62) -> 0
B63: 18 | D63: Cotopaxi- Latacunga | E63: LATACUNGA - STEREO LATACUNGA | F63: ECUADOR EN CONTACTO: PRIMERA EMISIÓN | G63: CUÑA 30" | H63: 06H00- 08H00 | BD63: =SUM(K63:BC63) -> 0 | BH63: =SUM(K63:Y63) -> 0 | BI63: =BH63*J63 -> 0 | BJ63: =SUM(Z63:BC63) -> 0 | BK63: =BJ63*J63 -> 0 | BL63: =SUM(#REF!) -> #REF! | BM63: =BL63*J63 -> #REF!
F64: ECUADOR EN CONTACTO: SEGUNDA EMISIÓN | G64: CUÑA 30" | H64: 12H00- 14H00 | Z64: 2 | AA64: 2 | AB64: 2 | AC64: 2 | AF64: 2 | AG64: 2 | AH64: 2 | AI64: 2 | AJ64: 2 | AM64: 2 | AN64: 2 | AO64: 2 | AP64: 2 | AQ64: 2 | AT64: 2 | AU64: 2 | AV64: 2 | AW64: 2 | AX64: 2 | BA64: 2 | BB64: 2 | BC64: 2 | BD64: =SUM(K64:BC64) -> 44 | BH64: =SUM(K64:Y64) -> 0 | BI64: =BH64*J64 -> 0 | BJ64: =SUM(Z64:BC64) -> 44 | BK64: =BJ64*J64 -> 0 | BL64: =SUM(#REF!) -> #REF! | BM64: =BL64*J64 -> #REF!
F65: HASQUINAKUY: NOTICIERO EN IDIOMA KICHWA | G65: CUÑA 30" | H65: 20H15 | Z65: 2 | AA65: 2 | AB65: 2 | AC65: 2 | AF65: 2 | AG65: 2 | AH65: 2 | AI65: 2 | AJ65: 2 | AM65: 2 | AN65: 2 | AO65: 2 | AP65: 2 | AQ65: 2 | AT65: 2 | AU65: 2 | AV65: 2 | AW65: 2 | AX65: 2 | BA65: 2 | BB65: 2 | BC65: 2 | BD65: =SUM(K65:BC65) -> 44 | BH65: =SUM(K65:Y65) -> 0 | BI65: =BH65*J65 -> 0 | BJ65: =SUM(Z65:BC65) -> 44 | BK65: =BJ65*J65 -> 0 | BL65: =SUM(#REF!) -> #REF! | BM65: =BL65*J65 -> #REF!
B66: 18 | G66: CUÑA 30" | H66: 05H00- 09H00 | BD66: =SUM(K66:BC66) -> 0
G67: CUÑA 30" | H67: 12H00- 14H00 | BD67: =SUM(K67:BC67) -> 0
G68: CUÑA 30" | H68: 18H45 | BD68: =SUM(K68:BC68) -> 0
B69: 19 | D69: Cañar- Cañar | F69: ECUADOR EN CONTACTO: PRIMERA EMISIÓN | G69: CUÑA 30" | H69: 05H00- 09H00 | BD69: =SUM(K69:BC69) -> 0
E70: LA VOZ DE INGAPIRCA | F70: ECUADOR EN CONTACTO: SEGUNDA EMISIÓN | G70: CUÑA 30" | H70: 12H00- 14H00 | Z70: 2 | AA70: 2 | AB70: 2 | AC70: 2 | AF70: 2 | AG70: 2 | AH70: 2 | AI70: 2 | AJ70: 2 | AM70: 2 | AN70: 2 | AO70: 2 | AP70: 2 | AQ70: 2 | AT70: 2 | AU70: 2 | AV70: 2 | AW70: 2 | AX70: 2 | BA70: 2 | BB70: 2 | BC70: 2 | BD70: =SUM(K70:BC70) -> 44
F71: HASQUINAKUY: NOTICIERO EN IDIOMA KICHWA | G71: CUÑA 30" | H71: 17H30 | Z71: 2 | AA71: 2 | AB71: 2 | AC71: 2 | AF71: 2 | AG71: 2 | AH71: 2 | AI71: 2 | AJ71: 2 | AM71: 2 | AN71: 2 | AO71: 2 | AP71: 2 | AQ71: 2 | AT71: 2 | AU71: 2 | AV71: 2 | AW71: 2 | AX71: 2 | BA71: 2 | BB71: 2 | BC71: 2 | BD71: =SUM(K71:BC71) -> 44
B72: 20 | D72: Bolivar- Guaranda | E72: RUNACUNAPAC | F72: ECUADOR EN CONTACTO: PRIMERA EMISIÓN | G72: CUÑA 30" | H72: 05H00- 09H00 | BD72: =SUM(K72:BC72) -> 0
E73: RUNACUNAPAC YACHANA | F73: ECUADOR EN CONTACTO: SEGUNDA EMISIÓN | G73: CUÑA 30" | H73: 19H45 | Z73: 2 | AA73: 2 | AB73: 2 | AC73: 2 | AF73: 2 | AG73: 2 | AH73: 2 | AI73: 2 | AJ73: 2 | AM73: 2 | AN73: 2 | AO73: 2 | AP73: 2 | AQ73: 2 | AT73: 2 | AU73: 2 | AV73: 2 | AW73: 2 | AX73: 2 | BA73: 2 | BB73: 2 | BC73: 2 | BD73: =SUM(K73:BC73) -> 44
F74: HASQUINAKUY: NOTICIERO EN IDIOMA KICHWA | G74: CUÑA 30" | H74: 19H45 | Z74: 2 | AA74: 2 | AB74: 2 | AC74: 2 | AF74: 2 | AG74: 2 | AH74: 2 | AI74: 2 | AJ74: 2 | AM74: 2 | AN74: 2 | AO74: 2 | AP74: 2 | AQ74: 2 | AT74: 2 | AU74: 2 | AV74: 2 | AW74: 2 | AX74: 2 | BA74: 2 | BB74: 2 | BC74: 2 | BD74: =SUM(K74:BC74) -> 44
B75: 21 | D75: Azuay- Cuenca | F75: ECUADOR EN CONTACTO: PRIMERA EMISIÓN | G75: CUÑA 30" | H75: 05H00- 09H00 | BD75: =SUM(K75:BC75) -> 0
D76: Azuay- Cuenca | E76: CATOLICA CUENCA | F76: ECUADOR EN CONTACTO: SEGUNDA EMISIÓN | G76: CUÑA 30" | H76: 12H00- 14H00 | Z76: 2 | AA76: 2 | AB76: 2 | AC76: 2 | AF76: 2 | AG76: 2 | AH76: 2 | AI76: 2 | AJ76: 2 | AM76: 2 | AN76: 2 | AO76: 2 | AP76: 2 | AQ76: 2 | AT76: 2 | AU76: 2 | AV76: 2 | AW76: 2 | AX76: 2 | BA76: 2 | BB76: 2 | BC76: 2 | BD76: =SUM(K76:BC76) -> 44
F77: HASQUINAKUY: NOTICIERO EN IDIOMA KICHWA | G77: CUÑA 30" | H77: 09H00.12H00 | BD77: =SUM(K77:BC77) -> 0
B78: 22 | D78: Morona- Macas | F78: ECUADOR EN CONTACTO: PRIMERA EMISIÓN | G78: CUÑA 30" | H78: 05H00- 09H00 | BD78: =SUM(K78:BC78) -> 0
E79: LA VOZ DEL UPANO | F79: ECUADOR EN CONTACTO: SEGUNDA EMISIÓN | G79: CUÑA 30" | H79: 12H00- 14H00 | Z79: 2 | AA79: 2 | AB79: 2 | AC79: 2 | AF79: 2 | AG79: 2 | AH79: 2 | AI79: 2 | AJ79: 2 | AM79: 2 | AN79: 2 | AO79: 2 | AP79: 2 | AQ79: 2 | AT79: 2 | AU79: 2 | AV79: 2 | AW79: 2 | AX79: 2 | BA79: 2 | BB79: 2 | BC79: 2 | BD79: =SUM(K79:BC79) -> 44
F80: HASQUINAKUY: NOTICIERO EN IDIOMA KICHWA | G80: CUÑA 30" | H80: 09H00.12H00 | BD80: =SUM(K80:BC80) -> 0
B81: 23 | D81: Azuay- Cuenca | F81: ECUADOR EN CONTACTO: PRIMERA EMISIÓN | G81: CUÑA 30" | H81: 05H00- 09H00 | BD81: =SUM(K81:BC81) -> 0
E82: SONOONDA | F82: ECUADOR EN CONTACTO: SEGUNDA EMISIÓN | G82: CUÑA 30" | H82: 12H00- 14H00 | Z82: 2 | AA82: 2 | AB82: 2 | AC82: 2 | AF82: 2 | AG82: 2 | AH82: 2 | AI82: 2 | AJ82: 2 | AM82: 2 | AN82: 2 | AO82: 2 | AP82: 2 | AQ82: 2 | AT82: 2 | AU82: 2 | AV82: 2 | AW82: 2 | AX82: 2 | BA82: 2 | BB82: 2 | BC82: 2 | BD82: =SUM(K82:BC82) -> 44
F83: HASQUINAKUY: NOTICIERO EN IDIOMA KICHWA | G83: CUÑA 30" | H83: 09H00.12H00 | I83: =19*(1+20%) -> 22.8 | BD83: =SUM(K83:BC83) -> 0
B84: TOTAL | K84: =SUM(K14:K19) -> 0 | L84: =SUM(L14:L19) -> 0 | M84: =SUM(M14:M19) -> 0 | N84: =SUM(N14:N19) -> 0 | O84: =SUM(O14:O19) -> 0 | P84: =SUM(P14:P19) -> 0 | Q84: =SUM(Q14:Q19) -> 0 | R84: =SUM(R14:R19) -> 0 | ... Y84: =SUM(Y14:Y19) -> 0 | Z84: =SUM(Z14:Z82) -> 76 | AA84: =SUM(AA14:AA82) -> 76 | AB84: =SUM(AB14:AB82) -> 76 | AC84: =SUM(AC14:AC82) -> 76 | AD84: =SUM(AD14:AD82) -> 0 | AE84: =SUM(AE14:AE82) -> 0 | AF84: =SUM(AF14:AF82) -> 76 | AG84: =SUM(AG14:AG82) -> 76 | ... BD84: =SUM(BD14:BD82) -> 1672 | BE84: =SUM(BE14) -> 5156.25 | BF84: =SUM(BF14:BF19) -> 4125 | BH84: =SUM(BH14:BH19) -> 0 | BI84: =SUM(BI14:BI19) -> 0 | BJ84: =SUM(BJ14:BJ19) -> 44 | BK84: =SUM(BK14:BK19) -> 181500 | BL84: =SUM(BL14:BL19) -> #REF! | BM84: =SUM(BM14:BM19) -> #REF!
D85: *VALORES NO INCLUYEN IVA | BE85: DESCUENTO | BF85: =(BF84/BE84)-1 -> -0.2 | BH85: =SUM(BH84,BJ84,BL84) -> #REF!
BH86: =SUM(BI84,BK84,BM84) -> #REF! | BI86: =+BH86-BF84 -> #REF!
D88: *Agencia enviara los tema a tratar para que los medios elaboren la propuesta de contenido de cápsula .

Sheet DIG
D2: Cliente: CONAFIPS
D3: Campaña: CONAFIPS
D4: Fechas: 2 Meses
B7: =M106 -> 42000 | C7: MES 1 | H7: MES 2
C8: 3 | D8: 1 | E8: 2 | F8: 3 | G8: 4 | H8: 1 | I8: 2 | J8: 3 | K8: 4 | L8: KPI's | M8: SPEND | N8: %
B9: Facebook + Instagram R&F (Video Views)
B10: Formato: Video max 10 seg
B11: Inversión | C11: =SUM(C12:G12) -> 0 | M11: =SUM(C11:G11) -> 0 | N11: =M11/$M$106 -> 0
B12: Inversión semanal
B13: Alcance y Frecuencia | C13: 42%/2,61
B14: CPM Promedio Estimado | C14: 1.68
B15: Personas alcanzadas acumuladas | C15: 1264570
B16: Impresiones | C16: =SUM(C17:G17) -> 0 | L16: =SUM(C16:G16) -> 0
B17: Impresiones semanales | C17: =C$12/$C$14*1000 -> 0 | D17: =D$12/$C$14*1000 -> 0 | E17: =E$12/$C$14*1000 -> 0 | F17: =F$12/$C$14*1000 -> 0 | G17: =G$12/$C$14*1000 -> 0 | H17: =H$12/$C$14*1000 -> 0 | I17: =I$12/$C$14*1000 -> 0 | J17: =J$12/$C$14*1000 -> 0 | K17: =K$12/$C$14*1000 -> 0
B19: Twitter Ads (Seguidores)
B20: Formato: Post estático
B21: Material: Estático
B22: Inversión | C22: =SUM(D23:G23) -> 2000 | H22: =SUM(H23:K23) -> 2000 | M22: =SUM(C22:K22) -> 4000 | N22: =M22/$M$106 -> 0.095238095
B23: Inversión semanal | D23: 500 | E23: 500 | F23: 500 | G23: 500 | H23: 500 | I23: 500 | J23: 500 | K23: 500
B24: Alcance y Frecuencia
B25: CPS Promedio | C25: 0.8 | H25: 0.8
B26: Seguidores estimados | C26: =+C22/C25 -> 2500 | H26: =SUM(H27:K27) -> 2500 | L26: =SUM(C26:K26) -> 5000
B27: Seguidores semanales estimadas | C27: =+C23/$C$25*1000 -> 0 | D27: =+D23/$C$25 -> 625 | E27: =+E23/$C$25 -> 625 | F27: =+F23/$C$25 -> 625 | G27: =+G23/$C$25 -> 625 | H27: =+H23/$H$25 -> 625 | I27: =+I23/$H$25 -> 625 | J27: =+J23/$H$25 -> 625 | K27: =+K23/$H$25 -> 625
B29: Twitter Ads (Interacción)
B30: Formato: Post estático
B31: Material: Estático
B32: Inversión | C32: =SUM(D33:G33) -> 8000 | H32: =SUM(H33:K33) -> 8000 | M32: =SUM(C32:K32) -> 16000 | N32: =M32/$M$106 -> 0.38095238
B33: Inversión semanal | D33: 2000 | E33: 2000 | F33: 2000 | G33: 2000 | H33: 2000 | I33: 2000 | J33: 2000 | K33: 2000
B34: Alcance y Frecuencia
B35: CPI Promedio | C35: 0.4 | H35: 0.4
B36: Interacciones estimadas | C36: =+C32/C35 -> 20000 | H36: =SUM(H37:K37) -> 20000 | L36: =SUM(C36:K36) -> 40000
B37: Interacciones semanales estimadas | C37: =+C33/$C$25*1000 -> 0 | D37: =+D33/$C$25 -> 2500 | E37: =+E33/$C$25 -> 2500 | F37: =+F33/$C$25 -> 2500 | G37: =+G33/$C$25 -> 2500 | H37: =+H33/$H$35 -> 5000 | I37: =+I33/$H$35 -> 5000 | J37: =+J33/$H$35 -> 5000 | K37: =+K33/$H$35 -> 5000
B39: Facebook (Interacción Fans)
B40: Formato: Estático
B41: Inversión | C41: =SUM(D42:G42) -> 1000 | H41: =SUM(H42:K42) -> 1000 | M41: =SUM(C41:K41) -> 2000 | N41: =M41/$M$106 -> 0.047619048
B42: Inversión semanal | D42: 250 | E42: 250 | F42: 250 | G42: 250 | H42: 250 | I42: 250 | J42: 250 | K42: 250
B43: CPI Promedio | C43: 0.4 | H43: 0.4
B44: Likes estimados | D44: 5000 | H44: 5000 | L44: =SUM(C44:K44) -> 10000
B45: Seguidores estimadas | C45: =+C41/C43 -> 2500 | H45: =SUM(H46:K46) -> 2500 | L45: =SUM(C45:K45) -> 5000
B46: Seguidores semanales estimadas | C46: =+C42/$C$43 -> 0 | D46: =+D42/$C$43 -> 625 | E46: =+E42/$C$43 -> 625 | F46: =+F42/$C$43 -> 625 | G46: =+G42/$C$43 -> 625 | H46: =+H42/$C$43 -> 625 | I46: =+I42/$C$43 -> 625 | J46: =+J42/$C$43 -> 625 | K46: =+K42/$C$43 -> 625
B48: Facebook (Alcance)
B49: Formato: Estático
B50: Inversión | C50: =SUM(D51:G51) -> 600 | H50: =SUM(H51:K51) -> 600 | M50: =SUM(C50:K50) -> 1200 | N50: =M50/$M$106 -> 0.028571429
B51: Inversión semanal | D51: 150 | E51: 150 | F51: 150 | G51: 150 | H51: 150 | I51: 150 | J51: 150 | K51: 150
B52: CPM Promedio | C52: 0.8 | H52: 0.8
B53: Impresiones estimadas | C53: =+C50/C52*1000 -> 750000 | H53: =+H50/H52*1000 -> 750000 | L53: =SUM(C53:K53) -> 1500000
B54: Impresiones semanales estimadas | C54: =+C51/$C$43 -> 0 | D54: =+D51/$C$52*1000 -> 187500 | E54: =+E51/$C$52*1000 -> 187500 | F54: =+F51/$C$52*1000 -> 187500 | G54: =+G51/$C$52*1000 -> 187500 | H54: =+H51/$H$52*1000 -> 187500 | I54: =+I51/$H$52*1000 -> 187500 | J54: =+J51/$H$52*1000 -> 187500 | K54: =+K51/$H$52*1000 -> 187500
B56: Facebook (Tráfico)
B57: Formato: Estático
B58: Inversión | C58: =SUM(D59:G59) -> 2000 | H58: =SUM(H59:K59) -> 2000 | M58: =SUM(C58:K58) -> 4000 | N58: =M58/$M$106 -> 0.095238095
B59: Inversión semanal | D59: 500 | E59: 500 | F59: 500 | G59: 500 | H59: 500 | I59: 500 | J59: 500 | K59: 500
B60: CPC Promedio | C60: 0.12 | H60: 0.12
B61: Clics estimadas | C61: =+C58/C60 -> 16666.667 | H61: =+H58/H60 -> 16666.667 | L61: =SUM(C61:K61) -> 33333.333
B62: Clics semanales estimadas | C62: =+C59/$C$43 -> 0 | D62: =+D59/$C$60 -> 4166.6667 | E62: =+E59/$C$60 -> 4166.6667 | F62: =+F59/$C$60 -> 4166.6667 | G62: =+G59/$C$60 -> 4166.6667 | H62: =+H59/$C$60 -> 4166.6667 | I62: =+I59/$C$60 -> 4166.6667 | J62: =+J59/$C$60 -> 4166.6667 | K62: =+K59/$C$60 -> 4166.6667
B64: Instagram (Alcance)
B65: Formato: Estático
B66: Inversión | C66: =SUM(D67:G67) -> 600 | H66: =SUM(H67:K67) -> 600 | M66: =SUM(C66:K66) -> 1200 | N66: =M66/$M$106 -> 0.028571429
B67: Inversión semanal | D67: 150 | E67: 150 | F67: 150 | G67: 150 | H67: 150 | I67: 150 | J67: 150 | K67: 150
B68: CPM Promedio | C68: 0.8 | H68: 0.8
B69: Impresiones estimadas | C69: =+C66/C68*1000 -> 750000 | H69: =+H66/H68*1000 -> 750000 | L69: =SUM(C69:K69) -> 1500000
B70: Impresiones semanales estimadas | C70: =+C67/$C$43 -> 0 | D70: =+D67/$C$52*1000 -> 187500 | E70: =+E67/$C$52*1000 -> 187500 | F70: =+F67/$C$52*1000 -> 187500 | G70: =+G67/$C$52*1000 -> 187500 | H70: =+H67/$H$52*1000 -> 187500 | I70: =+I67/$H$52*1000 -> 187500 | J70: =+J67/$H$52*1000 -> 187500 | K70: =+K67/$H$52*1000 -> 187500
B72: Instagram (Tráfico)
B73: Formato: Estático
B74: Inversión | C74: =SUM(D75:G75) -> 4000 | H74: =SUM(H75:K75) -> 4000 | M74: =SUM(C74:K74) -> 8000 | N74: =M74/$M$106 -> 0.19047619
B75: Inversión semanal | D75: 1000 | E75: 1000 | F75: 1000 | G75: 1000 | H75: 1000 | I75: 1000 | J75: 1000 | K75: 1000
B76: CPC Promedio | C76: 0.1 | H76: 0.1
B77: Clics estimadas | C77: =+C74/C76 -> 40000 | H77: =+H74/H76 -> 40000 | L77: =SUM(C77:K77) -> 80000
B78: Clics semanales estimadas | C78: =+C75/$C$43 -> 0 | D78: =+D75/$C$60 -> 8333.3333 | E78: =+E75/$C$60 -> 8333.3333 | F78: =+F75/$C$60 -> 8333.3333 | G78: =+G75/$C$60 -> 8333.3333 | H78: =+H75/$C$60 -> 8333.3333 | I78: =+I75/$C$60 -> 8333.3333 | J78: =+J75/$C$60 -> 8333.3333 | K78: =+K75/$C$60 -> 8333.3333
B80: Linkedin (Interacciones)
B81: Formato: Estático
B82: Inversión | C82: =SUM(D83:G83) -> 2800 | H82: =SUM(H83:K83) -> 2800 | M82: =SUM(C82:K82) -> 5600 | N82: =M82/$M$106 -> 0.13333333
B83: Inversión semanal | D83: 700 | E83: 700 | F83: 700 | G83: 700 | H83: 700 | I83: 700 | J83: 700 | K83: 700
B84: CPI Promedio | C84: 0.14 | H84: 0.14
B85: Interacciones estimadas | C85: =+C82/C84 -> 20000 | H85: =+H82/H84 -> 20000 | L85: =SUM(C85:K85) -> 40000
B86: Interacciones semanales estimadas | C86: =+C83/$C$43 -> 0 | D86: =+D83/$C$60 -> 5833.3333 | E86: =+E83/$C$60 -> 5833.3333 | F86: =+F83/$C$60 -> 5833.3333 | G86: =+G83/$C$60 -> 5833.3333 | H86: =+H83/$C$60 -> 5833.3333 | I86: =+I83/$C$60 -> 5833.3333 | J86: =+J83/$C$60 -> 5833.3333 | K86: =+K83/$C$60 -> 5833.3333
B87: CPM Promedio | C87: 0.8 | H87: 0.8
B88: Impresiones estimadas | C88: =+C82/C87*1000 -> 3500000 | H88: =+H82/H87*1000 -> 3500000 | L88: =SUM(C88:K88) -> 7000000
B89: Impresiones semanales estimadas | C89: =+C86/$C$43 -> 0 | D89: =+D83/$C$87*1000 -> 875000 | E89: =+E83/$C$87*1000 -> 875000 | F89: =+F83/$C$87*1000 -> 875000 | G89: =+G83/$C$87*1000 -> 875000 | H89: =+H83/$H$87*1000 -> 875000 | I89: =+I83/$H$87*1000 -> 875000 | J89: =+J83/$H$87*1000 -> 875000 | K89: =+K83/$H$87*1000 -> 875000
B91: Facebook + Instagram (Tráfico)
B92: Material: Carrusel
B93: Presupuesto | C93: =SUM(C94:G94) -> 0 | M93: =SUM(C93:G93) -> 0 | N93: =M93/$M$106 -> 0
B94: Presupuesto semanal
B95: CPC Promedio | C95: 0.13
B96: Clis estimados | C96: =+C93/C95 -> 0 | L96: =SUM(C96:G96) -> 0
B97: Clics estimados semanales | C97: =+C94/C95 -> 0 | D97: =+D94/C95 -> 0 | E97: =+E94/B95 -> #VALUE! | F97: =+F94/B95 -> #VALUE! | G97: =+G94/C95 -> 0 | H97: =+H94/G95 -> #DIV/0! | I97: =+I94/F95 -> #DIV/0! | J97: =+J94/F95 -> #DIV/0! | K97: =+K94/G95 -> #DIV/0!
B99: Google Search
B100: Presupuesto | M100: =SUM(C100:G100) -> 0 | N100: =M100/$M$106 -> 0
B101: Presupuesto semanal
B102: CPC Promedio
B103: Clics estimadas | L103: =SUM(C103:G103) -> 0
B104: Clics semanales estimadas
B106: SUBTOTAL | C106: =+C93+C22+C41+C50+C58+C66+C74+C82+C32 -> 21000 | H106: =+H22+H32+H41+H50+H58+H66+H74+H82 -> 21000 | M106: =SUM(M11:M105) -> 42000 | N106: =SUM(N9:N105) -> 1
L108: Nacionalización | M108: =+M106*1.15 -> 48300
B109: * Valores no incluyen IVA. | L109: IVA | M109: =+(M108)*12% -> 5796
L110: Total | M110: =M108+M109 -> 54096
B111: ** Valores incluyen comisiones
B113: Universo
B114: 8400000
B115: Segmentación

Sheet REVISTA
A2: REVISTA
B5: AGENCIA: | C5: GRUPO CREATIVO HERRERA
B6: CLIENTE: | C6: CONAFIPS
B7: PRODUCTO:
B8: PERIODO:
A11: CIUDAD | B11: MEDIO | C11: FORMATO | D11: FORMATO Y CIRCULACIONN | E11: FECHA DE SALIDA | F11: MEDIDAS | H11: VALOR REAL | I11: NOVIEMBRE | P11: DICIEMBRE | W11: ENERO | AS11: TOTAL AVISOS | AT11: VALOR NEG. | AU11: INVERSION TOTAL
I12: S | J12: D | K12: L | L12: M | M12: X | N12: J | O12: V | P12: S | Q12: D | R12: L | S12: M | T12: X | U12: J | V12: V | W12: S | X12: D | Y12: L | Z12: M | AA12: X | AB12: J | AC12: V | AD12: S | AE12: D | AF12: L | AG12: M | AH12: X | AI12: J | AJ12: V | AK12: S | AL12: D | AM12: L | AN12: M | AO12: X | AP12: J | AQ12: V | AR12: S
F13: ANCHO (cm) | G13: ALTO (cm) | I13: 15 | J13: =SUM(I13)+1 -> 16 | K13: =SUM(B13)+1 -> 1 | L13: =SUM(K13)+1 -> 2 | M13: =SUM(L13)+1 -> 3 | N13: =SUM(M13)+1 -> 4 | O13: =SUM(N13)+1 -> 5 | P13: =SUM(O13)+1 -> 6 | Q13: =SUM(P13)+1 -> 7 | R13: =SUM(J13)+1 -> 17 | S13: =SUM(R13)+1 -> 18 | T13: =SUM(S13)+1 -> 19 | U13: =SUM(T13)+1 -> 20 | V13: =SUM(U13)+1 -> 21 | W13: =SUM(V13)+1 -> 22 | X13: =SUM(W13)+1 -> 23 | Y13: =SUM(X13)+1 -> 24 | Z13: =SUM(Y13)+1 -> 25 | ... AR13: =SUM(AQ13)+1 -> 43
A14: NACIONAL | B14: LIDERES | D14: MEDIA PAGINA VERTICAL - 18.000 EJEMPLARES SEMANALES - CIRCULA CON EL COMERCIO TODOS LOS LUNES - TIENE EDICION DIGITAL | E14: CIRCULA: LUNES DE CADA SEMANA CIERRE: MARTES DE LA SEMANA ANTERIOR | F14: 12.5 | G14: 38.5 | H14: 1680 | M14: 1 | AS14: =SUM(I14:AR14) -> 1 | AT14: 1128 | AU14: =SUM(AT14)*AS14 -> 1128
B15: AMERICA ECONOMIA | D15: MEDIA PAGINA VERTICAL - 6.500 EJEMPLARES MENSUAL - TIENE EDICION DIGITAL | E15: ESPECIAL COOPERATIVAS CIRCULA: 28 DE NOVIEMBRE CIERRE: 15 DE NOVIEMBRE | F15: 10.9 | G15: 27 | H15: 1280 | M15: 1 | AS15: =SUM(I15:AR15) -> 1 | AT15: 800 | AU15: =SUM(AT15)*AS15 -> 800
B16: EKOS | D16: MEDIA PAGINA VERTICAL - 5.000 EJEMPLARES MENSUALES - TIENE EDICION DIGITAL | E16: CIRCULA: 15 DE CADA MES CIERRE: 20 DEL MES ANTERIOR | F16: 10.5 | G16: 28 | H16: 1200 | M16: 1 | AS16: =SUM(I16:AR16) -> 1 | AT16: 900 | AU16: =SUM(AT16)*AS16 -> 900
B17: FORBES | D17: MEDIA PAGINA HORIZONTAL - 5.000 EJEMPLARES BIMENSUAL | E17: CIRCULA: 5 DE DICIEMBRE CIERRE: 26 DE NOVIEMBRE | F17: 20.3 | G17: 13.25 | H17: 1100 | T17: 1 | AS17: =SUM(I17:AR17) -> 1 | AT17: 1045 | AU17: =SUM(AT17)*AS17 -> 1045
I18: =+SUM(I17:I17) -> 0 | J18: =+SUM(J17:J17) -> 0 | K18: =+SUM(K17:K17) -> 0 | L18: =+SUM(L17:L17) -> 0 | M18: =+SUM(M17:M17) -> 0 | N18: =+SUM(N17:N17) -> 0 | O18: =+SUM(O17:O17) -> 0 | P18: =+SUM(P17:P17) -> 0 | ... AS18: =+SUM(AS17:AS17) -> 1 | AU18: =SUM(AU14:AU17) -> 3873
A19: Fechas de publicación a definir | H19: AVISOS | I19: =SUM(I18:J18) -> 0 | K19: =+SUM(K18:Q18,) -> 0 | R19: =+SUM(R18:X18,) -> 1 | Y19: =SUM(Y18:AE18) -> 0 | AF19: =SUM(AF18:AL18) -> 0 | AM19: =SUM(AM18:AR18) -> 0 | AS19: =+AS18 -> 1 | AU19: =+AU18 -> 3873
AS21: IVA 12% | AU21: =+AU19*12% -> 464.76
AS22: TOTAL US $ | AU22: =+AU19+AU21 -> 4337.76

Sheet NACIO
A1: Reporte de Ranking
A2: Periodo: Agosto 2022 \ Dias: Lunes a Domingo \ Horario: 06:00 a 22:45 \ Ciudades: (Consolidado) GUAYAQUIL, QUITO \ Frecuencias: FM \ Grupos de Medios: RADIO \ Medios: \ HOM-MUJ 18-99 MEDIA/BAJA: 3172325
E3: HOM-MUJ 18-99 MEDIA/BAJA
E4: LunesADomingo
A5: Grupo Medios | B5: Medio | C5: Genero | D5: Frecuencia | E5: Rating | F5: Share | G5: Audiencia
A6: Radio | B6: GALAXIA (NAC) | C6: TROPICAL VARIADA | D6: FM | E6: 1.6591328 | F6: 8.6 | G6: 52633.084
A7: Radio | B7: TROPICALIDA (NAC) | C7: TROPICAL VARIADA | D7: FM | E7: 1.1463028 | F7: 5.94 | G7: 36364.45
A8: Radio | B8: LA OTRA (UIO) | C8: TROPICAL VARIADA | D8: FM | E8: 1.1056092 | F8: 5.73 | G8: 35073.517
A9: Radio | B9: LA TUYA (GYE) | C9: TROPICAL VARIADA | D9: FM | E9: 1.0161881 | F9: 5.27 | G9: 32236.79
A10: Radio | B10: CANELA (GYE) | C10: TROPICAL VARIADA | D10: FM | E10: 0.75638881 | F10: 3.92 | G10: 23995.111
A11: Radio | B11: DI BLU | C11: DEPORTES | D11: FM | E11: 0.73550163 | F11: 3.81 | G11: 23332.502
A12: Radio | B12: LA OTRA (GYE) | C12: TROPICAL VARIADA | D12: FM | E12: 0.69358052 | F12: 3.6 | G12: 22002.628
A13: Radio | B13: CANELA (UIO) | C13: TROPICAL VARIADA | D13: FM | E13: 0.61870522 | F13: 3.21 | G13: 19627.34
A14: Radio | B14: AMERICA (UIO) | C14: TROPICAL VARIADA | D14: FM | E14: 0.60834792 | F14: 3.15 | G14: 19298.773
A15: Radio | B15: ANTENA 3 | C15: TROPICAL VARIADA | D15: FM | E15: 0.52871701 | F15: 2.74 | G15: 16772.622
A16: Radio | B16: DISNEY | C16: POP/JUVENIL | D16: FM | E16: 0.40538568 | F16: 2.1 | G16: 12860.151
A17: Radio | B17: ONDA POSITIVA | C17: TROPICAL VARIADA | D17: FM | E17: 0.39943824 | F17: 2.07 | G17: 12671.479
... A88: Radio | B88: RADIO NACIONAL DEL ECUADOR (NAC) | C88: NOTICIAS | D88: FM | E88: 0.0041194636 | F88: 0.02 | G88: 130.68277
E90: 19.284621 | G90: 611770.86

Sheet  CUE
A1: Reporte de Ranking
A2: Periodo: Diciembre 2021 \ Dias: Lunes a Domingo \ Horario: 06:00 a 23:45 \ Ciudades: CUENCA \ Grupos de Medios: RADIO \ Medios: \ HOM-MUJ 18-99 MEDIA/BAJA: 239222
F3: HOM-MUJ 18-99 MEDIA/BAJA
F4: LunesADomingo
A5: Grupo Medios | B5: Medio | C5: Genero | D5: Dial | E5: Frecuencia | F5: Rating | G5: Share | H5: Audiencia
A6: Radio | B6: LA SUPREMA ESTACION ( LA VOZ DEL PAIS ) | C6: TROPICAL VARIADA | D6: 96.1 | E6: FM | F6: 3.9939333 | G6: 13.29 | H6: 9554.367
A7: Radio | B7: MEGA | C7: TROPICAL VARIADA | D7: 92.9 | E7: FM | F7: 2.7963314 | G7: 9.31 | H7: 6689.44
A8: Radio | B8: ALFA (NAC) | C8: POP/JUVENIL | D8: 104.1 | E8: FM | F8: 2.7418047 | G8: 9.13 | H8: 6559
A9: Radio | B9: CANELA (CUENCA) | C9: TROPICAL VARIADA | D9: 107.3 | E9: FM | F9: 2.3869658 | G9: 7.94 | H9: 5710.1474
A10: Radio | B10: GALAXIA (NAC) | C10: TROPICAL VARIADA | D10: 88.5 | E10: FM | F10: 1.6625398 | G10: 5.53 | H10: 3977.1611
A11: Radio | B11: LA VOZ DEL TOMEBAMBA FM | C11: VARIEDADES | D11: 102.1 | E11: FM | F11: 1.5399499 | G11: 5.13 | H11: 3683.8989
A12: Radio | B12: SUPREMA | C12: VARIEDADES | D12: 93.1 | E12: FM | F12: 1.383597 | G12: 4.6 | H12: 3309.8684
A13: Radio | B13: LA VOZ DEL RIO TARQUI | C13: NOTICIAS | D13: 1290 | E13: AM | F13: 1.2721346 | G13: 4.23 | H13: 3043.2258
A14: Radio | B14: EL MERCURIO | C14: NOTICIAS | D14: 0 | E14: AM | F14: 1.1035774 | G14: 3.67 | H14: 2640
A15: Radio | B15: RADIO MEGA | C15: TROPICAL VARIADA | D15: 103.3 | E15: FM | F15: 1.0790616 | G15: 3.59 | H15: 2581.3526
A16: Radio | B16: LA VOZ DEL TOMEBAMBA AM | C16: VARIEDADES | D16: 1070 | E16: AM | F16: 0.93040642 | G16: 3.1 | H16: 2225.7368
A17: Radio | B17: MARIA (CU7ENCA) | C17: RELIGIOSO | D17: 101.3 | E17: FM | F17: 0.86292047 | G17: 2.87 | H17: 2064.2956
... A51: Radio | B51: SONORAMA (NAC) | C51: DEPORTES | D51: 103.7 | E51: FM | F51: 0 | G51: 0 | H51: 0
F53: 30.04628 | H53: 71877.312

Sheet STO
A1: Reporte de Ranking
A2: Periodo: Diciembre 2021 \ Dias: Lunes a Domingo \ Horario: 06:00 a 22:45 \ Grupos de Medios: RADIO \ Ciudades: SANTO DOMINGO \ Frecuencias: FM \ Generos: \ HOM-MUJ 18-99 MEDIA/BAJA: 174802
F3: HOM-MUJ 18-99 MEDIA/BAJA
F4: LunesADomingo
A5: Grupo Medios | B5: Medio | C5: Genero | D5: Dial | E5: Frecuencia | F5: Rating | G5: Share | H5: Audiencia
A6: Radio | B6: ZARACAY QUITO | C6: TROPICAL VARIADA | D6: 100.5 | E6: FM | F6: 2.6980622 | G6: 8.63 | H6: 4716.2667
A7: Radio | B7: TU RADIO | C7: TROPICAL VARIADA | D7: 88.9 | E7: FM | F7: 2.0552767 | G7: 6.58 | H7: 3592.6648
A8: Radio | B8: MARAÑON FM | C8: VARIEDADES | D8: 92.5 | E8: FM | F8: 2.0526046 | G8: 6.57 | H8: 3587.9939
A9: Radio | B9: RADIO LA JEFA | C9: TROPICAL VARIADA | D9: 91.3 | E9: FM | F9: 1.9761994 | G9: 6.32 | H9: 3454.436
A10: Radio | B10: MAJESTAD (STO. DOMINGO) | C10: TROPICAL VARIADA | D10: 96.2 | E10: FM | F10: 1.6882024 | G10: 5.4 | H10: 2951.0116
A11: Radio | B11: RADIO FESTIVAL | C11: TROPICAL VARIADA | D11: 89.7 | E11: FM | F11: 1.5292831 | G11: 4.89 | H11: 2673.2174
A12: Radio | B12: LA RADIO REDONDA (UIO) | C12: DEPORTES | D12: 96.9 | E12: FM | F12: 1.4216902 | G12: 4.55 | H12: 2485.1429
A13: Radio | B13: LASER FM | C13: VARIEDADES | D13: 95.7 | E13: FM | F13: 1.373294 | G13: 4.39 | H13: 2400.5455
A14: Radio | B14: CANELA (UIO) | C14: TROPICAL VARIADA | D14: 106.5 | E14: FM | F14: 1.3714412 | G14: 4.39 | H14: 2397.3067
A15: Radio | B15: MACARENA | C15: VARIEDADES | D15: 92.1 | E15: FM | F15: 1.355618 | G15: 4.34 | H15: 2369.6474
A16: Radio | B16: RITMO | C16: TROPICAL VARIADA | D16: 98.5 | E16: FM | F16: 1.2440049 | G16: 3.98 | H16: 2174.5455
A17: Radio | B17: MATOVELLE (STO DOMINGO) | C17: VARIEDADES | D17: 93.3 | E17: FM | F17: 1.2221701 | G17: 3.91 | H17: 2136.3778
... A31: Radio | B31: SUPER W | C31: VARIEDADES | D31: 96.9 | E31: FM | F31: 0 | G31: 0 | H31: 0
F33: 31.252512 | H33: 54630.016

Sheet AMB
A1: Reporte de Ranking
A2: Periodo: Diciembre 2021 \ Dias: Lunes a Domingo \ Horario: 06:00 a 23:45 \ Grupos de Medios: RADIO \ Ciudades: AMBATO \ Frecuencias: FM \ Generos: \ HOM-MUJ 18-99 TOTAL: 139965
F3: HOM-MUJ 18-99 TOTAL
F4: LunesADomingo
A5: Grupo Medios | B5: Medio | C5: Genero | D5: Dial | E5: Frecuencia | F5: Rating | G5: Share | H5: Audiencia
A6: Radio | B6: GALAXIA (NAC) | C6: TROPICAL VARIADA | D6: 88.5 | E6: FM | F6: 3.4715822 | G6: 9.34 | H6: 4859
A7: Radio | B7: TRICOLOR | C7: VARIEDADES | D7: 97.7 | E7: FM | F7: 2.6227605 | G7: 7.06 | H7: 3670.9467
A8: Radio | B8: RUMBA STEREO (ABTO) | C8: TROPICAL VARIADA | D8: 88.9 | E8: FM | F8: 2.5426179 | G8: 6.84 | H8: 3558.7752
A9: Radio | B9: FANTASTICA | C9: POP/JUVENIL | D9: 92.1 | E9: FM | F9: 2.492766 | G9: 6.71 | H9: 3489
A10: Radio | B10: CENTRO FM (ABTO) | C10: ROMANTICA | D10: 91.7 | E10: FM | F10: 2.2273287 | G10: 5.99 | H10: 3117.4807
A11: Radio | B11: ALEGRIA | C11: NOTICIAS | D11: 98.5 | E11: FM | F11: 2.2115942 | G11: 5.95 | H11: 3095.4578
A12: Radio | B12: SONORAMA (NAC) | C12: DEPORTES | D12: 103.7 | E12: FM | F12: 2.0643322 | G12: 5.55 | H12: 2889.3426
A13: Radio | B13: HCJB LA VOZ DE LA VENTANA (ABTO) | C13: RELIGIOSO | D13: 96.1 | E13: FM | F13: 2.004547 | G13: 5.39 | H13: 2805.6642
A14: Radio | B14: HECHIZO | C14: TROPICAL VARIADA | D14: 107.7 | E14: FM | F14: 1.8949295 | G14: 5.1 | H14: 2652.2381
A15: Radio | B15: MARIA (UIO) | C15: RELIGIOSO | D15: 100.1 | E15: FM | F15: 1.5903976 | G15: 4.28 | H15: 2226
A16: Radio | B16: CARACOL FM STEREO (AMBATO) | C16: NOTICIAS | D16: 91.3 | E16: FM | F16: 1.5536074 | G16: 4.18 | H16: 2174.5067
A17: Radio | B17: BBN RADIO (AMBATO) | C17: RELIGIOSO | D17: 100.1 | E17: FM | F17: 1.3543534 | G17: 3.64 | H17: 1895.6207
... A40: Radio | B40: ANDINA FM | C40: VARIEDADES | D40: 106.1 | E40: FM | F40: 0 | G40: 0 | H40: 0
F42: 37.161758 | H42: 52013.454
